 Dungeon Crawl Stone Soup version 0.31-a0-214-gb37851dbb3 (webtiles) character file.

Game seed: 7870831617263686845

1209349 holysushi the Politician (level 27, -3/199 HPs)
             Began as a Kobold Monk on June 30, 2023.
             Was the Champion of Dithmenos.
             Slain by an iron golem (33 damage)
             ... on level 6 of the Iron City of Dis on July 1, 2023.
             The game lasted 03:19:16 (106692 turns).

holysushi the Politician (Kobold Monk)            Turns: 106692, Time: 03:19:17

Health: -3/199     AC:  8    Str:  6    XL:     27
Magic:  46/46      EV: 80    Int: 15    God:    Dithmenos [******]
Gold:   2420       SH: 21    Dex: 56    Spells: 30/64 levels left

rFire   + + +        z - +7 quick blade of the Vestibule of Hell {distort, rElec Will- Dex+2}
rCold   + + .        n - +2 buckler of Generosity {Will+ Int+6 Dex+5}
rNeg    . . .        R - +1 robe of Vines {NoPotionHeal Regen++++}
rPois   +            F - +2 helmet of Filth {Fly rPois rF+++ Str-2}
rElec   +            D - scarf {shadows}
rCorr   +            M - +2 pair of gloves {Dex+3}
SInv    .            j - +3 pair of mountain boots {steadfast, rC+}
Will    ++++.        Y - amulet "Oxuen" {Reflect Rampage +Blink Dex+9 SH+5 Stlth-} Stlth #*********
                     E - ring "Roechaan" {rElec rPois rCorr Int-5 Dex+10}
HPRegen 3.73/turn    h - ring of Kimoaf {rElec rPois rC+ Will++ Stlth-}
MPRegen 0.30/turn

%: reflection, clarity, rampage
@: about to teleport, flying, wreathed by umbra, studying 3 skills, corroded
A: small, no large weapons, nightstalker 3, clarity, fire resistance 1, weak 1,
no potion heal 1
}: 13/15 runes: decaying, slimy, silver, obsidian, icy, bone, abyssal, demonic,
glowing, magical, fiery, dark, gossamer
a: Renounce Religion, Evoke Blink, Shadow Step, Shadow Form


You were on level 6 of the Iron City of Dis.
You worshipped Dithmenos.
Dithmenos was exalted by your worship.
You visited 16 branches of the dungeon, and saw 79 of its levels.
You visited Pandemonium 2 times, and saw 17 of its levels.
You visited the Abyss 9 times.
You completed 1 ziggurat, and saw 27 of its levels.
You also visited: Gauntlet.

You collected 35592 gold pieces.
You spent 7032 gold pieces at shops.
You paid 26140 gold pieces to Gozag.

Inventory:

Hand Weapons
 m - the +8 arc blade {discharge, rElec}
   (You found it on level 27 of a ziggurat)

   rElec:     It insulates you from electricity.
 z - the +7 quick blade of the Vestibule of Hell (weapon) {distort, rElec Will- Dex+2}
   (You acquired it on level 7 of the Dungeon)

   Dex:       It affects your dexterity (+2).
   rElec:     It insulates you from electricity.
   Will:      It decreases your willpower.
Armour
 i - the +2 pair of slick slippers {slick, slippery, EV+4}
   (You bought it in a shop on level 2 of the Orcish Mines)

   Slick:     Its wearer cannot be constricted, engulfed, netted or webbed.
   Slippery:  Its wearer slips away from damaging melee attacks, pulling the
   attacker onward.
   EV:        It affects your evasion (+4).
 j - the +3 pair of mountain boots (worn) {steadfast, rC+}
   (You bought it in a shop on level 2 of the Orcish Mines)

   Steadfast: It prevents involuntary movement, except for blinking,
   teleportation, or banishment.
   rC:        It protects you from cold.
 n - the +2 buckler of Generosity (worn) {Will+ Int+6 Dex+5}
   (You acquired it on level 7 of the Dungeon)

   Int:       It affects your intelligence (+6).
   Dex:       It affects your dexterity (+5).
   Will:      It increases your willpower.
 w - the scarf of Loss {+Inv, Will++ Stlth+}
   (You acquired it on level 8 of the Dungeon)

   Will:      It greatly increases your willpower.
   Stlth:     It makes you more stealthy.
 D - a scarf of shadows (worn)
 F - the +2 helmet of Filth (worn) {Fly rPois rF+++ Str-2}
   (You bought it in a shop on level 2 of the Vaults)

   Str:       It affects your strength (-2).
   rF:        It renders you almost immune to fire.
   rPois:     It protects you from poison.
   Fly:       It grants you flight.
 M - a +2 pair of gloves of dexterity (worn)
 R - the +1 robe of Vines (worn) {NoPotionHeal Regen++++}
   (You found it on level 2 of the Spider Nest)

   NoPotionHeal: Its wearer cannot be healed by potions.
   Regen:     It increases your rate of health regeneration.
 X - the +2 cloak of the Thief {*Fog Slay-2 SInv Stlth+}
   (You found it on level 12 of a ziggurat)

   *Fog:      It may release a thick cloud of smoke when the wearer is hurt.
   Slay:      It affects your accuracy & damage with ranged weapons and melee
   (-2).
   SInv:      It lets you see invisible.
   Stlth:     It makes you more stealthy.
Jewellery
 h - the ring of Kimoaf (right hand) {rElec rPois rC+ Will++ Stlth-}
   (You bought it in a shop on level 2 of the Depths)

   [ring of protection from cold]

   rC:        It protects you from cold.
   rElec:     It insulates you from electricity.
   rPois:     It protects you from poison.
   Will:      It greatly increases your willpower.
   Stlth:     It makes you less stealthy.
 E - the ring "Roechaan" (left hand) {rElec rPois rCorr Int-5 Dex+10}
   (You bought it in a shop in the Vestibule of Hell)

   [ring of poison resistance]

   Int:       It affects your intelligence (-5).
   Dex:       It affects your dexterity (+10).
   rElec:     It insulates you from electricity.
   rPois:     It protects you from poison.
   rCorr:     It protects you from acid and corrosion.
 K - the ring "Voomoc" {Wiz Dex+7}
   (You found it on level 3 of the Spider Nest)

   [ring of wizardry]

   It improves your spell success rate.
   Dex:       It affects your dexterity (+7).
 Y - the amulet "Oxuen" (around neck) {Reflect Rampage +Blink Dex+9 SH+5 Stlth-}
   (You found it on level 3 of the Elven Halls)

   [amulet of reflection]

   It reflects blocked missile attacks.
   Dex:       It affects your dexterity (+9).
   +Blink:    It lets you blink.
   SH:        It affects your SH (+5).
   Rampage:   It bestows one free step when moving towards enemies.
   Stlth:     It makes you less stealthy.
Wands
 r - a wand of roots (80)
 u - a wand of acid (40)
 T - a wand of digging (24)
Scrolls
 d - 11 scrolls of fear
 e - 5 scrolls of blinking
 p - 3 scrolls of torment
 s - 6 scrolls of poison
 y - 28 scrolls of teleportation
 G - 10 scrolls of vulnerability
 H - 10 scrolls of revelation
 I - 5 scrolls of butterflies
 N - 3 scrolls of silence
 V - 11 scrolls of fog
Potions
 c - 12 potions of ambrosia
 f - 23 potions of curing
 k - 11 potions of mutation
 l - 9 potions of magic
 o - 4 potions of haste
 q - 2 potions of resistance
 t - 12 potions of enlightenment
 v - 4 potions of might
 A - 22 potions of lignification
 L - 3 potions of invisibility
 O - 5 potions of berserk rage
 P - 18 potions of heal wounds
 U - a potion of cancellation
 W - 10 potions of brilliance
Miscellaneous
 a - a +1 figurine of a ziggurat
 b - a phantom mirror
 C - the horn of Geryon
 J - a lightning rod (4/4)
 S - a sack of spiders
 Z - a phial of floods


   Skills:
 O Level 27 Fighting
 O Level 27 Short Blades
 - Level 15.0 Armour
 O Level 27 Dodging
 O Level 27 Stealth
 - Level 17.5 Shields
 + Level 19.2 Spellcasting
 - Level 23.1 Necromancy
 + Level 9.2 Transmutations
 - Level 18.6 Fire Magic
 - Level 18.9 Invocations
 O Level 27 Evocations


You had 30 spell levels left.
You knew the following spells:

 Your Spells              Type           Power      Damage    Failure   Level
a - Death Channel         Necr           35%        N/A       1%          6
b - Dispel Undead         Necr           71%        3d24      0%          4
c - Infestation           Necr           35%        N/A       2%          8
d - Ignition              Fire           31%        3d10      14%         8
e - Necromutation         Tmut/Necr      29%        N/A       36%         8

Your spell library contained the following spells:

 Spells                   Type           Power      Damage    Failure   Level
 Necrotise                Necr           100%       1d9       0%          1
 Scorch                   Fire           100%       2d9       0%          2
 Sublimation of Blood     Necr           71%        N/A       0%          2
 Vampiric Draining        Necr           71%        2d11      0%          3
 Animate Dead             Necr           71%        N/A       0%          4
 Beastly Appendage        Tmut           84%        N/A       1%          1
 Foxfire                  Conj/Fire      100%       2x1d9     1%          1
 Kiss of Death            Conj/Necr      100%       2d13      1%          1
 Sting                    Tmut/Pois      100%       1d8       1%          1
 Cigotuvi's Dreadful Rot  Necr/Pois/Air  74%        N/A       1%          2
 Passwall                 Tmut/Erth      23%        N/A       1%          2
 Wereblood                Tmut           42%        N/A       1%          2
 Ignite Poison            Fire/Tmut/Pois 42%        N/A       1%          3
 Spider Form              Tmut/Pois      28%        N/A       1%          3
 Volatile Blastmotes      Fire/Tloc      84%        2d17      1%          3
 Anguish                  Hex/Necr       24%        N/A       1%          4
 Flame Wave               Conj/Fire      42%        2d11      1%          4
 Sticky Flame             Conj/Fire      42%        2d6       1%          4
 Borgnjor's Vile Clutch   Necr/Erth      24%        N/A       1%          5
 Blade Hands              Tmut           21%        N/A       2%          5
 Fireball                 Conj/Fire      21%        3d10      2%          5
 Apportation              Tloc           28%        N/A       4%          1
 Freeze                   Ice            56%        1d7       4%          1
 Magic Dart               Conj           56%        1d5       4%          1
 Sandblast                Erth           28%        2d8       4%          1
 Slow                     Hex            56%        N/A       4%          1
 Summon Small Mammal      Summ           56%        N/A       4%          1
 Simulacrum               Ice/Necr       24%        N/A       6%          6
 Blink                    Tloc           28%        N/A       7%          2
 Ensorcelled Hibernation  Hex/Ice        28%        N/A       7%          2
 Lesser Beckoning         Tloc           28%        N/A       7%          2
 Momentum Strike          Conj/Tloc      28%        3d8       7%          2
 Poisonous Vapours        Pois/Air       28%        N/A       7%          2
 Searing Ray              Conj           28%        2d5       7%          2
 Static Discharge         Conj/Air       28%        2-4/arc   7%          2
 Ice Form                 Ice/Tmut       28%        N/A       7%          4
 Petrify                  Tmut/Erth      28%        N/A       7%          4
 Call Canine Familiar     Summ           14%        N/A       14%         3
 Confusing Touch          Hex            14%        N/A       14%         3
 Dazzling Flash           Conj/Hex       28%        N/A       14%         3
 Frozen Ramparts          Ice            28%        1d5       14%         3
 Gell's Gravitas          Tloc           14%        N/A       14%         3
 Hailstorm                Conj/Ice       14%        3d5       14%         3
 Mephitic Cloud           Conj/Pois/Air  14%        N/A       14%         3
 Ozocubu's Armour         Ice            14%        N/A       14%         3
 Portal Projectile        Hex/Tloc       28%        N/A       14%         3
 Stone Arrow              Conj/Erth      28%        3d8       14%         3
 Summon Guardian Golem    Hex/Summ       14%        N/A       14%         3
 Teleport Other           Tloc           14%        N/A       14%         3
 Tukima's Dance           Hex            14%        N/A       14%         3
 Vhi's Electric Charge    Tloc/Air       28%        N/A       14%         3
 Plasma Beam              Fire/Air       21%        2x1d33    16%         6
 Starburst                Conj/Fire      21%        6d7       16%         6
 Alistair's Intoxication  Tmut/Pois      18%        N/A       19%         5
 Irradiate                Conj/Tmut      14%        3d16      19%         5
 Yara's Violent Unravell  Hex/Tmut       14%        3d7       19%         5
 Haunt                    Necr/Summ      24%        N/A       32%         7
 Airstrike                Air            7%         2d(1-17)  41%         4
 Animate Armour           Summ/Erth      28%        N/A       41%         4
 Cause Fear               Hex            7%         N/A       41%         4
 Fulminant Prism          Conj/Hex       7%         3d7       41%         4
 Iskenderun's Mystic Bla  Conj/Tloc      14%        2d5       41%         4
 Leda's Liquefaction      Hex/Erth       7%         N/A       41%         4
 Manifold Assault         Tloc           14%        N/A       41%         4
 Olgreb's Toxic Radiance  Pois           14%        N/A       41%         4
 Passage of Golubria      Tloc           14%        N/A       41%         4
 Summon Ice Beast         Ice/Summ       14%        N/A       41%         4
 Summon Lightning Spire   Summ/Air       14%        N/A       41%         4
 Dragon Form              Tmut           21%        N/A       65%         7
 Eringya's Noxious Bog    Tmut/Pois      14%        N/A       71%         6
 Statue Form              Tmut/Erth      18%        N/A       71%         6
 Arcjolt                  Conj/Air       7%         1d17      77%         5
 Freezing Cloud           Conj/Ice/Air   7%         6-21      77%         5
 Iskenderun's Battlesphe  Conj           14%        2d7       77%         5
 Lee's Rapid Deconstruct  Erth           7%         3d6*      77%         5
 Metabolic Englaciation   Hex/Ice        7%         N/A       77%         5
 Summon Forest            Summ/Tloc      7%         N/A       77%         5
 Summon Mana Viper        Hex/Summ       14%        N/A       77%         5
 Storm Form               Tmut/Air       14%        N/A       99%         7
 Conjure Ball Lightning   Conj/Air       7%         3x3d6     100%        6
 Dispersal                Tloc           7%         N/A       100%        6
 Leda's Unmaking          Conj/Erth      7%         9d2       100%        6
 Summon Cactus Giant      Summ           7%         N/A       100%        6
 Enfeeble                 Hex            7%         N/A       100%        7
 Malign Gateway           Summ/Tloc      7%         N/A       100%        7
 Monstrous Menagerie      Summ           7%         N/A       100%        7
 Orb of Destruction       Conj           7%         9d6       100%        7
 Ozocubu's Refrigeration  Ice            7%         4d9       100%        7
 Spellforged Servitor     Conj/Summ      7%         N/A       100%        7
 Summon Hydra             Summ           7%         N/A       100%        7
 Discord                  Hex            7%         N/A       100%        8
 Disjunction              Tloc           7%         N/A       100%        8
 Maxwell's Capacitive Co  Air            7%         ∞         100%        8
 Summon Horrible Things   Summ           7%         N/A       100%        8
 Dragon's Call            Summ           7%         N/A       100%        9
 Polar Vortex             Ice            7%         N/A       100%        9


Dungeon Overview and Level Annotations

Branches:
Dungeon (15/15)            Temple (1/1) D:7            Lair (5/5) D:8
  Swamp (4/4) Lair:2       Spider (4/4) Lair:3        Slime (5/5) Lair:5
    Orc (2/2) D:10            Elf (3/3) Orc:2        Vaults (5/5) D:13
  Crypt (3/3) Vaults:3     Depths (4/4) D:15           Hell (visited)
    Dis (6/7) Hell            Geh (7/7) Hell            Coc (7/7) Hell
    Tar (7/7) Hell            Zot (0/5) Depths:4    Gauntlet (visited)
   Tomb: Crypt:3

Altars:
Ashenzari
Cheibriados
Dithmenos
Elyvilon
Fedhas
Gozag
Hepliaklqana
Kikubaaqudgha
Makhleb
Nemelex Xobeh
Okawaru
Qazlal
Ru
Sif Muna
Trog
Uskayaw
Vehumet
Wu Jian
Xom
Yredelemnul
Zin
The Shining One
Jiyva
Lugonu

Shops:
D:3 [   D:14 :   Orc:1 :   Orc:2 ::[**=[[   Elf:2 =:=[   Spider:3 [
Vaults:2 [[*   Vaults:4 ([:   Vaults:5 !?!??=!?=   Hell *[=   Depths:2 =:[
Depths:4 [*

Portals:
Hell: Depths:1 Depths:2 Depths:3 Depths:4
Abyss: Lair:5 Depths:2 Depths:3 Depths:4
Pandemonium: Depths:2

Annotations:
D:2 Terence
Abyss:1 AwFulAwFulPlayer's ghost, journeyman DrDe; AwFulAwFulPlayer's ghost, journeyman TrMo; Cerebov; Dittersdorf's ghost, journeyman GrFi; HilariousDeathArtist's ghost, journeyman OgAr


Innate Abilities, Weirdness & Mutations

You are small and have problems with some larger weapons.
You are completely attuned to the shadows.
You possess an exceptional clarity of mind.
Your flesh is heat resistant. (rF+)
You are weak. (Str -2)
Potions are less effective at restoring your health.


Message History

You hit the Hell Sentinel but do no damage.
Your shadow hits the Hell Sentinel but does no damage. x2
The Hell Sentinel gestures at you. The iron shot hits you!!!!
* * * LOW HITPOINT WARNING * * *
You emit a cloud of dark smoke.
You block the Hell Sentinel's attack. x2
The iron golem completely misses you. You block the iron golem's attack.
You rampage towards the Hell Sentinel!
You puncture the Hell Sentinel!
You kill the Hell Sentinel!
Dithmenos accepts your kill. The iron golem completely misses you.
You block the iron golem's attack.
As you read the scroll of teleportation, it crumbles to dust.
You feel strangely unstable.
The iron giant throws the crystal echidna at you!
* * * LOW HITPOINT WARNING * * *
You block the iron golem's attack. The iron golem completely misses you.
You block the iron golem's attack. x2
You impale the Hell Sentinel!!
You hit the Hell Sentinel but do no damage.
The Hell Sentinel is lightly wounded.
Your shadow hits the Hell Sentinel but does no damage. x2
The Hell Sentinel blinks!
The crystal echidna completely misses you.
You block the iron golem's attack. The iron golem completely misses you.
You hit the Hell Sentinel but do no damage. x2
Space warps around the Hell Sentinel.
The Hell Sentinel is lightly wounded.
Your shadow hits the Hell Sentinel but does no damage. x2
You block the iron golem's attack. x2
You barely miss the Hell Sentinel.
You hit the Hell Sentinel but do no damage.
Space warps horribly around the Hell Sentinel!
The Hell Sentinel is lightly wounded.
Your shadow hits the Hell Sentinel but does no damage. x2
The Hell Sentinel completely misses you. x2
The Hell Sentinel hits you!!
* * * LOW HITPOINT WARNING * * *
The Hell Sentinel misses you. The iron golem completely misses you.
The iron golem hits you!!
You die...

#..#.# #....# #....## #'##..#
#..#..# . ##### . ##..#..##
..##§§§##1. #..)....# #§§C§.§'#
##.......# ##§991§§.### ..##
.....#..## ..§1@r§.†..#### .#..#
.......##. #.§§§§§§§)..#.^##.....
∩....###.. +.§§§§§§...§'..†###...
##..##.... #§§§§.§...##.....##..
...##.§§.. #....)....#.......##.
...'..§§.. #.........#........'.
...##############'##############.
............# ..... #..........
####....#^..## ..... ##.#########


You could see 2 iron golems, an iron giant, 2 Hell Sentinels and a crystal
echidna.

Vanquished Creatures
  Asmodeus (Geh:7)
  the Royal Jelly (Slime:5)
  Antaeus (Abyss:4)
  the Serpent of Hell (Tar:7)
  Gloorx Vloq (Pan)
  Mnoleg (Pan)
  6 ancient liches
  4 dread liches
  Mennas (Pan)
  Mara (Vaults:3)
  Sojobo (Abyss:4)
  8 Killer Klowns (Zig:21)
  9 shard shrikes
  9 pandemonium lords
  Bai Suzhen (Swamp:3)
  the Lernaean hydra (Swamp:4)
  Frederick (Abyss:4)
  30 caustic shrikes
  Margery (Depths:1)
  Geryon (Hell)
  4 profane servitors
  Nikola (Swamp:2)
  11 golden dragons
  11 bone dragons
  9 doom hounds
  14 Tzitzimimeh
  5 Brimstone Fiends
  Jorgrun (Swamp:1)
  6 iron giants
  10 tentacled monstrosities
  7 hellephants
  Zenata (Vaults:1)
  20 Ice Fiends
  Asterion (Spider:1)
  6 liches
  8 tainted leviathans
  Mlioglotl (Abyss:1)
  18 Hell Sentinels
  5 deep elf blademasters
  A quicksilver dragon (shapeshifter) (Zig:21)
  A walking divine tome (Depths:3)
  15 titans
  2 walking earthen tomes (Depths:3)
  3 deep elf master archers (Elf:3)
  4 quicksilver dragons
  A shard shrike skeleton (Tar:7)
  15 searing wretches
  10 acid blobs
  A kraken (Abyss:3)
  13 ancient champions
  2 sphinxes (shapeshifter) (Zig:21)
  13 Executioners (Pan)
  2 thorn hunters
  9 sphinxes
  Gastronok (Orc:1)
  2 draconian monks
  10 shadow dragons
  4 tentacled starspawn
  11 tengu reavers
  9 storm dragons
  9 rockslimes
  16 narguns
  4 revenants
  16 fire giants
  Donald (Elf:1)
  16 azure jellies
  19 frost giants
  3 demonspawn warmongers
  5 deep elf sorcerers
  A daeva (Pan)
  6 quicksilver elementals
  3 draconian knights
  An emperor scorpion (Spider:4)
  6 shard shrike simulacra
  20 vault wardens
  13 iron dragons
  A curse skull (Pan)
  36 balrugs
  2 spectral caustic shrikes
  4 ghouls
  4 ghost moths
  3 draconian stormcallers
  A juggernaut zombie (Crypt:1)
  8 quicksilver oozes
  5 draconian scorchers
  2 spriggan defenders
  3 deep elf elementalists (Elf:3)
  18 ironbound preservers
  4 demonspawn corrupters
  11 reapers
  2 draconian shifters
  An ophan (Abyss:4)
  An orc warlord (Vaults:3)
  9 draconian annihilators
  A demonspawn blood saint (Pan)
  8 cacodemons
  32 very ugly things
  6 ironbound thunderhulks
  4 formless jellyfish
  20 stone giants
  2 eleionomae (Swamp:3)
  29 war gargoyles
  4 vampire knights
  A caustic shrike skeleton (Tar:7)
  2 green draconians (Zig:17)
  2 black draconians
  9 putrid mouths
  7 dire elephants
  The ghost of Cuucoog the Fighter, a journeyman FoHu of Qazlal (D:11)
  A demonspawn black sun (Pan)
  7 elemental wellsprings
  5 red draconians
  The ghost of benadryl the Severer, a journeyman GrFi of Okawaru (Lair:5)
  13 deep elf annihilators
  4 lorocyprocas (Pan)
  3 deep elf demonologists
  Azrael (Abyss:1)
  A spectral titan (Tar:6)
  A bennu (Zig:1)
  5 bunyips
  3 yellow draconians
  A minotaur (Gauntlet)
  22 wendigos
  5 white draconians
  7 deep elf death magi
  4 purple draconians
  6 spark wasps
  5 statues (Depths:2)
  16 eidola
  8 blizzard demons
  10 crystal guardians
  A quicksilver dragon zombie (Tar:7)
  3 mummy priests
  11 iron golems
  8 fire dragons
  11 ettins
  7 green deaths
  8 jiangshi
  A shambling mangrove (Abyss:3)
  4 hell beasts
  An elf zombie (Crypt:3)
  8 deep elf high priests
  2 spectral spriggans
  2 fenstrider witch zombies
  8 great orbs of eyes
  11 entropy weavers
  Harold (Orc:1)
  6 rakshasas
  16 hydras
  10 ice dragons
  2 spriggan zombies
  19 yaktaur captains
  9 caustic shrike simulacra
  Fannar (Orc:1)
  7 ogre magi
  3 peacekeepers
  26 vault guards
  2 ghost crabs
  19 two-headed ogres
  3 juggernaut simulacra
  An anaconda (shapeshifter) (Vaults:5)
  A catoblepas (Lair:1)
  6 ironbound frosthearts
  6 salamander tyrants
  3 centaur warriors
  9 spriggan air magi
  4 stokers
  13 boulder beetles
  A death knight (Crypt:1)
  The ghost of ders the Destroyer, a journeyman GrEE of Vehumet (Lair:3)
  A radroach (Spider:3)
  5 alligators
  37 dancing weapons
  A jorogumo (Spider:4)
  5 deep troll shamans
  3 naga warriors (Abyss:4)
  41 hell hogs
  14 demonic crawlers
  A death scarab (Zig:11)
  11 deep troll earth magi
  6 thrashing horrors
  An Orb Guardian skeleton (Crypt:1)
  3 shock serpents (Pan)
  6 tengu warriors
  3 vampire magi
  2 orc high priests (Orc:1)
  A shock serpent (shapeshifter) (Zig:10)
  5 death yaks
  Urug (D:13)
  3 spriggan berserkers
  20 deep elf knights
  2 crystal echidnas
  17 soul eaters
  52 sun demons
  Sonja (D:11)
  2 titan skeletons
  A storm dragon zombie (Crypt:3)
  14 hell knights
  3 skysharks
  A spectral dire elephant (Tar:6)
  13 wretched stars
  A sun moth (Spider:4)
  3 goliath frogs
  5 pharaoh ants
  24 skeletal warriors
  2 spatial maelstroms (Abyss:4)
  60 deep trolls
  A golden dragon zombie (Depths:3)
  9 sixfirhies
  24 shadow wraiths
  A spark wasp zombie (D:15)
  A salamander mystic (Depths:3)
  3 glowing orange brains
  2 anaconda zombies
  A bunyip zombie (Crypt:3)
  A quicksilver dragon simulacrum (Coc:7)
  A death drake (Zig:20)
  8 spriggan druids
  5 iron trolls
  11 shadow demons
  A golden dragon skeleton (Depths:3)
  An orb spider (shapeshifter) (Vaults:5)
  18 phantasmal warriors
  3 obsidian statues
  A spectral hydra (Tar:4)
  14 orb spiders
  2 spectral anacondas (Tar:2)
  12 swamp dragons
  5 bog bodies
  13 deep elf archers
  A glowing orange brain (shapeshifter) (Zig:5)
  9 lindwurms
  23 ironbound convokers
  2 flayed ghosts
  15 wizards
  A sphinx zombie (Depths:3)
  Pikel (D:8)
  2 harpies
  26 deep elf zephyrmancers
  7 steelbarb worms
  6 orc knights
  4 spriggan simulacra
  18 necromancers
  2 anaconda skeletons
  5 orange crystal statues
  45 ugly things
  32 deep elf pyromancers
  21 wolf spiders
  2 fauns (shapeshifter)
  2 stone giant zombies
  A shadow dragon skeleton (Depths:3)
  2 shining eyes
  A mana viper (shapeshifter) (Depths:4)
  4 orc sorcerers
  16 oklob plants
  4 cyclopes
  6 manticores
  2 will-o-the-wisps
  2 fire giant zombies
  7 salamanders (Depths:3)
  5 worldbinders
  3 elephants (Lair:4)
  37 large abominations
  3 moths of wrath
  A titan simulacrum (Coc:7)
  A centaur zombie (Crypt:3)
  An elephant (shapeshifter) (Elf:1)
  A stone giant skeleton (Hell)
  2 dire elephant zombies (Hell)
  9 black mambas
  A naga zombie (Abyss:1)
  3 ice statues
  37 smoke demons
  A black mamba (shapeshifter) (D:14)
  13 orange demons
  6 apocalypse crabs
  2 naga magi (Abyss:4)
  20 vault sentinels
  7 molten gargoyles
  2 guardian serpents (Abyss:4)
  7 rust devils
  2 frost giant skeletons
  6 gargoyles
  An unseen horror (D:13)
  11 torpor snails
  8 cane toads
  A kobold demonologist (D:11)
  A cane toad (shapeshifter) (Zig:5)
  8 freezing wraiths
  19 hellions
  7 komodo dragons
  54 yaktaurs
  4 rime drakes
  6 anaconda simulacra
  7 efreet
  2 sea snake zombies
  A bunyip simulacrum (Coc:1)
  2 golden dragon simulacra
  6 tengu conjurers
  13 ice devils
  13 tormentors
  A komodo dragon (shapeshifter) (Zig:21)
  9 ancient zymes
  A hydra zombie (Hell)
  2 spectral harpies
  A redback zombie (Crypt:1)
  2 sea snake skeletons (Hell)
  A silent spectre (Tar:3)
  2 spectral nagas
  3 guardian mummies (Zig:11)
  A shadow dragon simulacrum (Coc:1)
  A bloated husk (Swamp:3)
  3 harpy zombies
  9 trolls
  3 tengu simulacra
  14 hellwings
  2 polar bears
  9 red devils
  A merfolk (shapeshifter) (Zig:19)
  26 tarantellas
  A wolf spider simulacrum (Gauntlet)
  A tyrant leech (Swamp:4)
  3 meliai (Spider:1)
  A queen bee (shapeshifter) (D:15)
  2 harpy skeletons
  A boulder beetle zombie (Crypt:2)
  A dream sheep (shapeshifter) (Vaults:4)
  18 hornets
  34 blink frogs
  35 raiju
  A wind drake (shapeshifter) (Lair:5)
  27 dream sheep
  2 ettin zombies
  An alligator zombie (Hell)
  45 slime creatures
  A culicivora (shapeshifter) (Vaults:4)
  Sigmund (D:5)
  32 jumping spiders
  2 alligator skeletons
  13 spriggans
  3 air elementals
  2 ettin skeletons
  5 dire elephant simulacra
  2 black mamba zombies
  12 wraiths
  27 ynoxinuls
  14 culicivoras
  2 shadows
  9 wyverns
  2 centaur simulacra
  11 flying skulls
  6 fire elementals
  7 basilisks
  A vampire (D:11)
  14 water elementals
  A naga simulacrum (Coc:7)
  4 golden eyes
  16 humans
  3 fire bats
  A human simulacrum (Vaults:4)
  20 small abominations
  36 yaks
  A basilisk (shapeshifter) (Zig:24)
  3 steam dragons
  A wind drake skeleton (Crypt:2)
  17 chaos spawn
  17 neqoxecs
  38 redbacks
  7 vampire mosquitoes
  3 nagas (Abyss:4)
  A redback simulacrum (Gauntlet)
  A warg (Orc:1)
  A deep troll zombie (Crypt:2)
  16 swamp worms
  8 spatial vortices (Abyss:4)
  4 acid dragons
  6 harpy simulacra
  A swamp worm (shapeshifter) (Vaults:5)
  13 water moccasins
  14 hell hounds
  17 orc warriors
  A meliai simulacrum (Gauntlet)
  3 ice beasts
  2 sky beasts
  15 swamp drakes
  A cane toad skeleton (Crypt:2)
  2 black bears
  A manticore zombie (Crypt:1)
  35 ogres
  An ice dragon simulacrum (Coc:1)
  2 ettin simulacra
  14 wolves
  7 boggarts
  5 centaurs
  A phantom (D:3)
  A manticore skeleton (Crypt:2)
  A lemure (D:8)
  4 kobold brigands
  A gnoll sergeant (D:10)
  12 necrophages
  16 bullfrogs
  5 earth elementals
  3 scorpions
  6 wyvern skeletons (Crypt:3)
  4 wights (Abyss:4)
  11 killer bees
  A warg skeleton (Crypt:1)
  6 howler monkeys
  13 electric eels
  9 crimson imps
  2 lava snakes (Zig:21)
  4 quasits
  2 gnoll boudas
  2 iron imps
  4 hounds
  A jelly (D:7)
  23 orc priests
  32 starcursed masses
  A centaur skeleton (Crypt:2)
  An iguana (shapeshifter) (Zig:24)
  4 iguanas
  9 orc wizards
  10 hell rats
  8 mummies
  12 gnolls
  A howler monkey skeleton (Crypt:1)
  8 adders
  7 river rats (Lair:1)
  2 white imps
  2 ufetubi
  An iguana zombie (Crypt:2)
  2 lava snake zombies
  An adder skeleton (Crypt:2)
  A worm (shapeshifter) (Abyss:4)
  2 worms
  57 orcs
  4 ball pythons
  3 bats
  9 endoplasms
  6 goblins
  13 hobgoblins
  3 jackals (D:4)
  19 kobolds
  7 quokkas
  A frilled lizard (D:3)
  10 rats
  3 ball lightnings (Pan)
  2 creeping infernos
  19 fire vortices
  A starspawn tentacle (Abyss:4)
3388 creatures vanquished.

Vanquished Creatures (collateral kills)
  2 ancient liches
  A shard shrike (Zig:26)
  A Killer Klown (Zig:21)
  A caustic shrike (Zig:27)
  A pandemonium lord (Zig:21)
  2 golden dragons
  2 bone dragons (Tar:5)
  2 Brimstone Fiends
  4 iron giants
  3 Ice Fiends (Zig:26)
  2 liches
  3 Hell Sentinels
  4 titans
  3 sphinxes (Zig:19)
  A tentacled starspawn (Zig:16)
  A shadow dragon (Zig:20)
  An ancient champion (Dis:1)
  2 storm dragons (Zig:20)
  A tengu reaver (Zig:19)
  An azure jelly (Zig:26)
  4 frost giants
  A draconian scorcher (Zig:17)
  3 fire giants
  A quicksilver elemental (Dis:6)
  4 iron dragons
  A deep elf sorcerer (Zig:19)
  4 vault wardens (Zig:19)
  A draconian shifter (Zig:17)
  A balrug (Zig:14)
  A reaper (Pan)
  A cacodemon (Pan)
  3 war gargoyles
  A broodmother (shapeshifter) (Zig:24)
  5 stone giants
  A very ugly thing (Zig:21)
  A dire elephant (shapeshifter) (Zig:21)
  A putrid mouth (Tar:5)
  4 crystal guardians
  A green death (Zig:16)
  3 ettins (Zig:22)
  A fire dragon (Zig:25)
  A deep elf high priest (Zig:10)
  An entropy weaver (Zig:18)
  A hydra (Zig:20)
  2 ice dragons (Zig:20)
  A spriggan air mage (Zig:13)
  A vault guard (Zig:24)
  A stoker (Zig:14)
  An alligator (shapeshifter) (Zig:24)
  3 boulder beetles
  A sun demon (Pan)
  A deep elf knight (Zig:10)
  2 death drakes (Zig:20)
  A spriggan druid (Zig:13)
  4 swamp dragons (Zig:20)
  An ironbound convoker (Zig:19)
  2 phantasmal warriors (Zig:19)
  2 orc knights (Zig:19)
  2 deep elf zephyrmancers (Zig:10)
  A steelbarb worm (shapeshifter) (Zig:21)
  A deep elf pyromancer (Zig:10)
  A wolf spider (Zig:19)
  2 oklob plants (Zig:24)
  4 cyclopes (Zig:22)
  2 ugly things (Zig:21)
  A vault sentinel (Zig:19)
  A torpor snail (Zig:27)
  An apocalypse crab (Zig:21)
  3 gargoyles
  3 hellions
  A rime drake (Zig:20)
  An efreet (Zig:25)
  2 tormentors
  A freezing wraith (Zig:19)
  An ancient zyme (Zig:16)
  A hornet (Zig:13)
  A tyrant leech (Zig:13)
  A wind drake (Zig:20)
  A culicivora (shapeshifter) (Zig:19)
  A wyvern (Zig:20)
  A fire elemental (Zig:10)
  A large abomination (Zig:16)
  2 chaos spawn
  A spriggan (Zig:13)
  7 steam dragons (Zig:20)
  9 acid dragons (Zig:20)
  5 swamp drakes (Zig:20)
  3 earth elementals (Zig:18)
  2 starcursed masses (Zig:16)
  A fire vortex (Abyss:4)
  A starspawn tentacle (Zig:16)
173 creatures vanquished.

Vanquished Creatures (others)
  A juggernaut (Zig:22)
  A pandemonium lord (Pan)
  A frost giant (Depths:3)
  A shard shrike simulacrum (Coc:6)
  A shambling mangrove (Zig:13)
  2 juggernaut simulacra (Coc:6)
  2 hydras (Zig:13)
  A ghost crab (Zig:13)
  A merfolk aquamancer (Zig:12)
  A spriggan berserker (Zig:13)
  A deep elf knight (Elf:1)
  A pharaoh ant (Spider:1)
  A quicksilver dragon simulacrum (Coc:7)
  A goliath frog (Zig:13)
  2 swamp dragons (Zig:13)
  A spriggan simulacrum (Coc:3)
  A bog body (Zig:13)
  An oklob plant (Zig:24)
  2 will-o-the-wisps (Zig:13)
  A rime drake (Zig:20)
  5 bloated husks
  A large abomination (Abyss:4)
  An iron dragon simulacrum (Coc:3)
  A water elemental (D:13)
  2 naga simulacra (Coc:3)
  2 chaos spawn (Zig:21)
  A harpy simulacrum (Coc:7)
  A swamp drake (Zig:20)
  An ettin simulacrum (Coc:7)
  2 earth elementals
  An electric eel (D:13)
  An ufetubus (Abyss:4)
  An orc (Orc:1)
  A kobold (D:8)
  3 ball lightnings (Pan)
  A creeping inferno (Geh:3)
  2 fire vortices
  A lurking horror (Abyss:1)
  12 starspawn tentacles
64 creatures vanquished.

Grand Total: 3625 creatures vanquished

Notes
Turn   | Place    | Note
-------+----------+-------------------------------------------
     0 | D:1      | holysushi the Kobold Monk began the quest for the Orb.
     0 | D:1      | Reached XP level 1. HP: 14/14 MP: 1/1
   203 | D:1      | Reached XP level 2. HP: 13/19 MP: 2/2
   498 | D:1      | Reached skill level 1 in Stealth
   711 | D:1      | Found a faded altar of an unknown god.
   973 | D:2      | Noticed Terence
  1002 | D:2      | Reached XP level 3. HP: 22/23 MP: 3/3
  1368 | D:2      | Found a white marble altar of Elyvilon.
  1478 | D:2      | Reached skill level 5 in Short Blades
  2226 | D:2      | Reached XP level 4. HP: 28/28 MP: 4/4
  2292 | D:3      | Found Othag's Armour Boutique.
  3099 | D:4      | Found a hide-covered altar of Uskayaw.
  3157 | D:4      | Noticed a scorpion
  3163 | D:4      | Killed a scorpion
  3164 | D:4      | Reached XP level 5. HP: 32/32 MP: 5/5
  3186 | D:4      | Noticed a +0 hand axe
  3186 | D:4      | Noticed a +0 hand axe
  3205 | D:4      | Noticed a phantom
  3251 | D:3      | Killed a phantom
  3252 | D:3      | Reached skill level 5 in Dodging
  3252 | D:3      | Reached XP level 6. HP: 25/37 MP: 6/6
  4155 | D:5      | Entered Level 5 of the Dungeon
  4211 | D:5      | Reached XP level 7. HP: 41/41 MP: 7/7
  4251 | D:5      | Identified the +1 scale mail "Fashyl" {Str+4}
  4567 | D:5      | Noticed Sigmund
  4571 | D:5      | Killed Sigmund
  5182 | D:6      | Reached XP level 8. HP: 46/46 MP: 8/8
  5245 | D:6      | Reached skill level 5 in Stealth
  5426 | D:6      | Reached skill level 10 in Short Blades
  5892 | D:7      | Found a glowing golden altar of the Shining One.
  5968 | D:7      | Reached skill level 1 in Evocations
  5969 | D:7      | Found an ancient bone altar of Kikubaaqudgha.
  5973 | D:7      | Reached XP level 9. HP: 52/52 MP: 9/9
  6323 | D:7      | Found a staircase to the Ecumenical Temple.
  6365 | Temple   | Entered the Ecumenical Temple
  6704 | Temple   | Became a worshipper of Gozag Ym Sagoz the Greedy
  6980 | D:7      | Found a stormy altar of Qazlal.
  7198 | D:6      | Found a basalt altar of Yredelemnul.
  7198 | D:6      | Found a radiant altar of Vehumet.
  7201 | D:6      | Found a hazy altar of Hepliaklqana.
  7201 | D:6      | Found an ornate altar of the Wu Jian Council.
  7298 | D:8      | Identified 4 scrolls of acquirement
  7298 | D:8      | Acquired the scarf of Loss {+Inv, Will++ Stlth+}
  7322 | D:8      | Found a glowing silver altar of Zin.
  7461 | D:8      | Noticed a hornet
  7483 | D:8      | Killed a hornet
  7622 | D:8      | Noticed a hornet
  7625 | D:8      | Killed a hornet
  7908 | D:8      | Reached skill level 5 in Evocations
  8000 | D:8      | Noticed a two-headed ogre
  8014 | D:8      | Killed a two-headed ogre
  8015 | D:8      | Reached skill level 10 in Stealth
  8015 | D:8      | Reached XP level 10. HP: 46/56 MP: 10/10
  8089 | D:8      | Noticed a white ugly thing
  8090 | D:8      | Noticed Pikel
  8108 | D:8      | Killed Pikel
  8109 | D:8      | Reached skill level 10 in Dodging
  8486 | D:7      | Acquired 918 gold pieces
  8488 | D:7      | Acquired the +7 quick blade of the Vestibule of Hell
                  | {distort, rElec Will- Dex+2}
  8490 | D:7      | Acquired the +2 buckler of Generosity {Will+ Int+6 Dex+5}
  8628 | D:8      | Reached skill level 1 in Shields
  8636 | D:8      | Killed a white ugly thing
  8724 | D:8      | Found a staircase to the Lair.
  8876 | D:9      | Noticed a two-headed ogre
  8880 | D:9      | Killed a two-headed ogre
  8881 | D:9      | Identified the +4 leather armour of the Apple {Regen+ Str+2
                  | Slay+2}
  8985 | D:9      | Reached skill level 1 in Armour
  8985 | D:9      | Reached skill level 10 in Evocations
  8988 | D:9      | Reached XP level 11. HP: 61/61 MP: 11/11
  9255 | D:9      | Noticed a two-headed ogre
  9263 | D:9      | Banished a two-headed ogre
  9324 | D:9      | Noticed a centaur warrior
  9327 | D:9      | Banished a centaur warrior
  9328 | D:9      | Noticed a centaur warrior
  9334 | D:9      | Noticed a boulder beetle
  9338 | D:9      | Killed a centaur warrior
  9347 | D:9      | Killed a boulder beetle
 10127 | Lair:1   | Entered Level 1 of the Lair of Beasts
 10131 | Lair:1   | Identified the +6 scale mail of the Furrier {Dex+4}
 10224 | Lair:1   | Reached XP level 12. HP: 66/66 MP: 12/12
 10936 | Lair:1   | Noticed a catoblepas
 10940 | Lair:1   | Killed a catoblepas
 11248 | Lair:2   | Reached skill level 15 in Stealth
 11560 | Lair:2   | Noticed an eight-headed hydra
 11563 | Lair:2   | Killed an eight-headed hydra
 11588 | Lair:2   | Noticed a five-headed hydra
 11591 | Lair:2   | Banished a five-headed hydra
 11601 | Lair:2   | Noticed a five-headed hydra
 11604 | Lair:2   | Killed a five-headed hydra
 11643 | Lair:2   | Found a staircase to the Swamp.
 11689 | Lair:2   | Reached XP level 13. HP: 70/70 MP: 13/13
 11755 | Lair:2   | Reached skill level 15 in Dodging
 11889 | Lair:2   | You fall into a shaft and drop 1 floor!
 12214 | Lair:3   | Found a hole to the Spider Nest.
 12458 | Lair:3   | Found a frozen archway.
 12631 | Lair:3   | Found a runed translucent gate.
 12632 | Lair:3   | Found a runed translucent gate.
 12632 | Lair:3   | Noticed AwFulAwFulPlayer's ghost (journeyman DrDe)
 12633 | Lair:3   | Found a runed translucent gate.
 12635 | Lair:3   | Noticed ders's ghost (journeyman GrEE)
 13224 | Lair:3   | Noticed Dittersdorf's ghost (journeyman GrFi)
 13224 | Lair:3   | Noticed AwFulAwFulPlayer's ghost (journeyman TrMo)
 13225 | Lair:3   | Noticed HilariousDeathArtist's ghost (journeyman OgAr)
 13226 | Lair:3   | Banished AwFulAwFulPlayer's ghost
 13240 | Lair:2   | Banished HilariousDeathArtist's ghost
 13317 | Lair:3   | Found the +3 Mad Mage's Maulers {Infuse+∞ VampMP -Cast}
 13388 | Lair:3   | Found a hole to the Spider Nest.
 13595 | Lair:3   | Banished AwFulAwFulPlayer's ghost
 13596 | Lair:3   | Reached skill level 5 in Fighting
 13982 | Lair:4   | Reached XP level 14. HP: 79/79 MP: 1/14
 15829 | Lair:5   | Entered Level 5 of the Lair of Beasts
 16148 | Lair:5   | Found a runed translucent door.
 16638 | Lair:5   | Identified the +2 chain mail of Papylemn {Fly rF+}
 16812 | Lair:5   | Found a staircase to the Slime Pits.
 17525 | Lair:5   | Reached XP level 15. HP: 88/88 MP: 4/15
 18596 | Lair:5   | Found a corrupted altar of Lugonu.
 18620 | Lair:5   | Found a one-way gate to the infinite horrors of the Abyss.
 18753 | Lair:5   | Noticed benadryl's ghost (journeyman GrFi)
 18757 | Lair:5   | Killed benadryl's ghost
 18971 | Lair:3   | Banished Dittersdorf's ghost
 19416 | Lair:3   | Killed ders's ghost
 19906 | D:10     | Entered Level 10 of the Dungeon
 19910 | D:10     | Found a staircase to the Orcish Mines.
 19919 | Orc:1    | Entered Level 1 of the Orcish Mines
 20027 | Orc:1    | Found Jerrequi's Book Shop.
 20085 | Orc:2    | Entered Level 2 of the Orcish Mines
 20406 | Orc:2    | Reached skill level 1 in Spellcasting
 20429 | Orc:2    | Found a staircase to the Elven Halls.
 21128 | Orc:2    | Found Boddiy's General Store.
 21128 | Orc:2    | Found Vulitoag's General Store.
 21129 | Orc:2    | Found Waduifipt's Book Emporium.
 21129 | Orc:2    | Found Kuotryna's Book Shop.
 21164 | Orc:2    | Reached XP level 16. HP: 81/93 MP: 4/21
 21735 | Orc:2    | Found a bloodstained altar of Trog.
 22126 | Orc:1    | Found the +15 Maxwell's patent armour {-Cast -Tele rElec
                  | Will+ rCorr}
 22476 | Orc:1    | Noticed Gastronok
 22480 | Orc:1    | Killed Gastronok
 23661 | Orc:1    | Noticed Fannar
 23670 | Orc:1    | Killed Fannar
 24062 | Orc:1    | You fall into a shaft and drop 1 floor!
 24119 | Orc:1    | Noticed Harold
 24123 | Orc:1    | Killed Harold
 24472 | Orc:2    | Bought a scroll of blinking for 97 gold pieces
 24489 | Orc:2    | Bought the +2 pair of slick slippers {slick, slippery,
                  | EV+4} for 497 gold pieces
 24489 | Orc:2    | Found the +2 pair of slick slippers {slick, slippery, EV+4}
 26170 | D:11     | Noticed Cuucoog's ghost (journeyman FoHu)
 26218 | D:11     | Found a runed translucent door.
 26223 | D:11     | Noticed Sonja
 26227 | D:11     | Killed Sonja
 27580 | D:11     | Killed Cuucoog's ghost
 27842 | D:12     | Found a gate leading to a gauntlet.
 28009 | Gauntlet | Entered a Gauntlet
 28009 | Gauntlet | Found a transporter.
 28070 | Gauntlet | Found a transporter.
 28097 | Gauntlet | Found a transporter.
 28108 | Gauntlet | Found a transporter.
 28125 | Gauntlet | Found a transporter.
 28130 | Gauntlet | Found a transporter.
 28151 | Gauntlet | Found a transporter.
 28154 | Gauntlet | Found a runed translucent door.
 28154 | Gauntlet | Found the +13 scythe of Curses {drain, curses, Drain}
 28163 | Gauntlet | Found a transporter.
 28242 | Gauntlet | Found a transporter.
 28245 | Gauntlet | Found a runed translucent door.
 28251 | Gauntlet | Found a transporter.
 28263 | Gauntlet | Found a transporter.
 28315 | Gauntlet | Found a transporter.
 28317 | Gauntlet | Found a transporter.
 28583 | Gauntlet | Identified the ring of Beogh's Inspiration {rPois Will+
                  | Str+6}
 28593 | Gauntlet | Identified the amulet of the Ant {Acrobat rCorr Dex+4}
 28624 | Gauntlet | Identified the +6 chain mail of Delicate Lucidity {rElec
                  | Int+3}
 29278 | D:12     | Identified the +3 leather armour "Ekhlulik" {*Corrode rF+
                  | rC+ Regen+}
 30018 | D:12     | Identified the +5 war axe "Qeczoana" {freeze, rF+ rC+++
                  | Dex-2 SInv}
 30226 | D:13     | Noticed Urug
 30226 | D:13     | Found a gate to the Vaults.
 30573 | D:13     | Killed Urug
 31496 | D:13     | Noticed Azrael
 31505 | D:13     | Banished Azrael
 32476 | D:13     | Found a stormy altar of Qazlal.
 32607 | D:13     | Reached XP level 17. HP: 97/97 MP: 6/22
 34562 | D:14     | Found Waef's Book Shoppe.
 34618 | D:14     | Identified the +5 chain mail "Cemuocs" {rC+ Dex+2}
 35556 | D:15     | Entered Level 15 of the Dungeon
 35644 | D:15     | Found a staircase to the Depths.
 36159 | D:15     | Found a shimmering altar of Xom.
 36163 | D:15     | Found a shimmering altar of Xom.
 36164 | D:15     | Found a shimmering altar of Xom.
 36164 | D:15     | Found a shimmering altar of Xom.
 36164 | D:15     | Found a shimmering altar of Xom.
 36168 | D:15     | Found a shimmering altar of Xom.
 36831 | Spider:1 | Entered Level 1 of the Spider Nest
 36992 | Spider:1 | Identified the +8 mace of Thoughtfulness {pain, rPois rF+
                  | rCorr Dex+2}
 37239 | Spider:1 | Identified the +4 great sword of Growth {drain, rF+ Will+}
 37411 | Spider:1 | Noticed Asterion
 37510 | Spider:1 | Killed Asterion
 38579 | Spider:2 | Found the +1 robe of Vines {NoPotionHeal Regen++++}
 38609 | Spider:2 | Reached XP level 18. HP: 105/105 MP: 1/23
 41398 | Spider:3 | Identified the ring "Voomoc" {Wiz Dex+7}
 42541 | Spider:4 | Entered Level 4 of the Spider Nest
 42657 | Spider:4 | Reached skill level 10 in Fighting
 42893 | Spider:4 | Noticed Mlioglotl
 42904 | Spider:4 | Banished Mlioglotl
 43445 | Spider:4 | Reached skill level 15 in Evocations
 43924 | Spider:4 | Identified the +1 robe of Ibledd {Dex+3 Stlth+}
 44439 | Spider:4 | Identified the +3 falchion "Killer Klown's Death" {heavy,
                  | *Corrode rN+ Will+ Dex+4}
 45338 | Spider:4 | Reached XP level 19. HP: 115/115 MP: 1/24
 45819 | Spider:4 | Got a gossamer rune of Zot
 46142 | Swamp:1  | Entered Level 1 of the Swamp
 46143 | Swamp:1  | Noticed Jorgrun
 46149 | Swamp:1  | Killed Jorgrun
 48727 | Swamp:2  | Identified the scarf of Vehumet's Respect {harm, rF+}
 48761 | Swamp:2  | Identified the scarf of Amorality {harm, Dex+3}
 49001 | Swamp:2  | Noticed a tentacled monstrosity
 49005 | Swamp:2  | Killed a tentacled monstrosity
 49128 | Swamp:2  | Noticed Nikola
 49132 | Swamp:2  | Killed Nikola
 49592 | Swamp:3  | Noticed Bai Suzhen
 49595 | Swamp:3  | Killed Bai Suzhen
 51098 | Swamp:4  | Entered Level 4 of the Swamp
 52259 | Swamp:4  | Reached XP level 20. HP: 116/122 MP: 1/25
 52269 | Swamp:4  | Noticed the 27-headed Lernaean hydra
 52274 | Swamp:4  | Killed the 27-headed Lernaean hydra
 52554 | Swamp:4  | Got a decaying rune of Zot
 53090 | Elf:1    | Entered Level 1 of the Elven Halls
 53102 | Elf:1    | Noticed Donald
 53107 | Elf:1    | Killed Donald
 53110 | Elf:1    | Found a radiant altar of Vehumet.
 53136 | Elf:1    | Noticed Aizul
 53140 | Elf:1    | Banished Aizul
 53920 | Elf:1    | Got Sif Muna's Catalogue of Generation
 54325 | Elf:1    | Identified the staff of Guile {rN+ Int+2 Necro}
 55093 | Elf:1    | Identified the +3 ring mail of Doss {Int+5 Dex+4}
 56303 | Elf:2    | Found a runed translucent gate.
 56304 | Elf:2    | Found a runed translucent gate.
 56304 | Elf:2    | Found a runed translucent gate.
 56326 | Elf:2    | Found Yzemiz's Jewellery Boutique.
 56326 | Elf:2    | Found Keydghif's Jewellery Boutique.
 56327 | Elf:2    | Found Ofet's Book Shoppe.
 56339 | Elf:2    | Bought the ring "Iruvapsafu" {rPois rCorr Dex+5} for 792
                  | gold pieces
 59154 | Elf:2    | Reached XP level 21. HP: 127/127 MP: 1/26
 59486 | Elf:3    | Entered Level 3 of the Elven Halls
 61739 | Elf:3    | Found the +9 sword of Power {lifebolt}
 61763 | Elf:3    | Identified the +4 morningstar of Hoesy {flame, Dex+3}
 61765 | Elf:3    | Identified the amulet "Oxuen" {Reflect Rampage +Blink Dex+9
                  | SH+5 Stlth-}
 61767 | Elf:3    | Got the Reference Book on Nephomancy and Anathema
 61786 | Elf:3    | Identified the +5 scimitar "Zappoant" {freeze, rN+ Will-
                  | Int+4 Stlth+}
 61903 | Elf:3    | Identified the +8 demon blade "Jeahu" {flame, rPois rCorr}
 61905 | Elf:3    | Identified the ring of Gextee Pafir {EV+5 Dex+3}
 61933 | Elf:3    | Identified the +6 dagger of a Labyrinth {freeze, rF+ Str+7}
 61935 | Elf:3    | Identified the +8 great sword of Ifegiw {spect, rC+}
 62924 | Orc:2    | Bought a +2 pair of gloves of dexterity for 279 gold pieces
 62944 | Orc:2    | Bought the +3 pair of mountain boots {steadfast, rC+} for
                  | 971 gold pieces
 62944 | Orc:2    | Found the +3 pair of mountain boots {steadfast, rC+}
 63044 | Vaults:1 | Entered Level 1 of the Vaults
 63587 | Vaults:1 | Reached skill level 15 in Short Blades
 63662 | Vaults:1 | Reached XP level 22. HP: 136/136 MP: 27/27
 63760 | Vaults:1 | Noticed Zenata
 63761 | Vaults:1 | Killed Zenata
 64561 | Vaults:2 | Bought a glowing helmet for 225 gold pieces
 64563 | Vaults:2 | Bought a sheer robe for 171 gold pieces
 64563 | Vaults:2 | Identified the +0 robe "Seunnirph" {rF+ Will+ Str+4 Dex+2}
                  | (You bought it in a shop on level 2 of the Vaults)
 64563 | Vaults:2 | Bought a steaming robe for 171 gold pieces
 64563 | Vaults:2 | Identified the +1 robe "Olotam" {Contam Rampage rElec rF+}
                  | (You bought it in a shop on level 2 of the Vaults)
 65141 | Vaults:2 | Reached skill level 15 in Fighting
 66252 | Vaults:2 | Bought a masterwork helmet for 437 gold pieces
 66252 | Vaults:2 | Identified the +2 helmet of Filth {Fly rPois rF+++ Str-2}
                  | (You bought it in a shop on level 2 of the Vaults)
 66252 | Vaults:2 | Bought a slimy buckler for 437 gold pieces
 66252 | Vaults:2 | Identified the +0 buckler of the Mind {Stlth+} (You bought
                  | it in a shop on level 2 of the Vaults)
 66332 | Vaults:3 | Identified the +2 leather armour of the Present {Contam
                  | Harm Int+7 Dex-5}
 66381 | Vaults:3 | Identified the +7 shortbow of the Vendetta {antimagic,
                  | rElec Str+5 Int+3}
 66381 | Vaults:3 | Noticed Mara
 66383 | Vaults:3 | Killed Mara
 66421 | Vaults:3 | Reached XP level 23. HP: 146/146 MP: 28/28
 66886 | Vaults:3 | You are sucked into a shaft and drop 1 floor!
 66902 | Vaults:4 | Found Kecigubi's Armour Shoppe.
 66974 | Vaults:4 | Bought the +0 ring mail of the Enfolding Gods {-Cast MP-9
                  | Str+5 Dex+8} for 260 gold pieces
 67248 | Vaults:3 | Noticed Sojobo
 67258 | Vaults:3 | Banished Sojobo
 67749 | Vaults:3 | Found a staircase to the Crypt.
 68263 | Vaults:4 | Found Zuni's Antique Weapon Emporium.
 69501 | Vaults:5 | Entered Level 5 of the Vaults
 69554 | Vaults:5 | Reached XP level 24. HP: 157/157 MP: 28/28
 69562 | Vaults:5 | Noticed a golden dragon
 69574 | Vaults:5 | Killed a golden dragon
 69574 | Vaults:5 | Noticed a golden dragon
 69584 | Vaults:5 | Banished a golden dragon
 69868 | Vaults:5 | Found Pifad's Jewellery Shoppe.
 69883 | Vaults:5 | Found Laoczeur's Distillery.
 69901 | Vaults:5 | Found Buolef's Jewellery Shoppe.
 70045 | Vaults:5 | Got a silver rune of Zot
 70048 | Vaults:5 | Found Inicisem's Magic Scroll Shoppe.
 70053 | Vaults:5 | Bought a scroll of teleportation for 63 gold pieces
 70053 | Vaults:5 | Bought a scroll of teleportation for 63 gold pieces
 70292 | Vaults:5 | Noticed a golden dragon
 70321 | Vaults:5 | Killed a golden dragon
 70963 | Vaults:5 | Found Yfaliogg's Distillery.
 70963 | Vaults:5 | Found Moajej's Magic Scroll Boutique.
 70975 | Vaults:5 | Bought a scroll of teleportation for 66 gold pieces
 70975 | Vaults:5 | Bought a scroll of teleportation for 66 gold pieces
 70977 | Vaults:5 | Found Ibusy's Distillery.
 70982 | Vaults:5 | Bought a potion of berserk rage for 105 gold pieces
 70982 | Vaults:5 | Bought a potion of heal wounds for 105 gold pieces
 70982 | Vaults:5 | Bought a potion of mutation for 168 gold pieces
 71003 | Vaults:5 | Found Pohojeur's Magic Scroll Shop.
 71008 | Vaults:5 | Bought a scroll of blinking for 90 gold pieces
 71017 | Vaults:5 | Found Qigice Doij's Magic Scroll Boutique.
 71022 | Vaults:5 | Bought a scroll of butterflies for 80 gold pieces
 71055 | Vaults:5 | Reached XP level 25. HP: 163/163 MP: 28/28
 71172 | Vaults:5 | Identified the +9 glaive "Gigenkax" {holy, rN++}
 71355 | Depths:1 | Entered Level 1 of the Depths
 72066 | Depths:1 | You are sucked into a shaft and drop 1 floor!
 72159 | Depths:2 | Noticed Frederick
 72160 | Depths:2 | Found a radiant altar of Vehumet.
 72169 | Depths:2 | Banished Frederick
 72253 | Depths:2 | Reached skill level 27 in Short Blades
 72312 | Depths:2 | Identified the staff "Kifats" {rC+ Will- rCorr Str+6 Int-5
                  | Ice}
 72414 | Depths:2 | Found a gateway to Hell.
 72477 | Depths:2 | Found Quhucykk's Antique Armour Emporium.
 72479 | Depths:2 | Found Qustruc's Book Emporium.
 72487 | Depths:2 | Reached skill level 27 in Stealth
 72583 | Depths:2 | Reached skill level 27 in Dodging
 72994 | Depths:2 | Found a one-way gateway to a ziggurat.
 73052 | Depths:2 | Found a one-way gate leading to the halls of Pandemonium.
 73217 | Depths:2 | Acquired 1181 gold pieces
 73230 | Depths:2 | Bought the ring of Kimoaf {rElec rPois rC+ Will++ Stlth-}
                  | for 837 gold pieces
 73620 | Slime:1  | Entered Level 1 of the Pits of Slime
 73701 | Slime:5  | Entered Level 5 of the Pits of Slime
 73755 | Slime:5  | Found a viscous altar of Jiyva.
 73756 | Slime:5  | Noticed the Royal Jelly
 73759 | Slime:5  | Killed the Royal Jelly
 73760 | Slime:5  | Reached skill level 5 in Shields
 73865 | Slime:5  | Reached XP level 26. HP: 170/170 MP: 28/28
 74008 | Slime:5  | Identified the +3 tower shield of the Pure Knaves {Drain
                  | +Inv Will++}
 74013 | Slime:5  | Identified the +5 hand axe of Tuakhlaelu {drain, rF+ rC-
                  | Int+7 Dex+3}
 74042 | Slime:5  | Identified the +1 leather armour "Qeutupre" {rN++}
 74048 | Slime:5  | Got a slimy rune of Zot
 74049 | Slime:5  | Identified the ring of the Hurling Queen {MP+9 Int+6}
 74076 | Slime:5  | Identified the ring "Hoesh" {Str+4 Dex+6}
 74266 | Slime:5  | Identified the +0 chain mail of Negation {+Inv}
 75171 | Depths:1 | Noticed Margery
 75174 | Depths:1 | Killed Margery
 76795 | Depths:3 | Reached XP level 27. HP: 186/186 MP: 28/28
 76983 | Depths:4 | Entered Level 4 of the Depths
 77504 | Depths:4 | Found a gate to the Realm of Zot.
 77598 | Depths:4 | Identified the ring "Baom" {rPois Dex+2}
 78220 | Depths:4 | Voluntarily entered the Abyss.
 78291 | Abyss:1  | Banished Sojobo
 78315 | Depths:4 | Escaped the Abyss
 78362 | Depths:4 | Voluntarily entered the Abyss.
 78464 | Abyss:1  | Found a corrupted altar of Lugonu.
 78577 | Abyss:1  | Found a corrupted altar of Lugonu.
 78610 | Abyss:1  | Found a corrupted altar of Lugonu.
 78723 | Abyss:1  | Killed Mlioglotl
 78781 | Abyss:1  | Found a corrupted altar of Lugonu.
 78815 | Abyss:1  | Killed Azrael
 79201 | Abyss:3  | Got an abyssal rune of Zot
 79222 | Depths:4 | Escaped the Abyss
 79356 | Pan      | Entered Pandemonium
 79534 | Pan      | Entered the realm of Mnoleg.
 79541 | Pan      | Gained mutation: You have hidden genetic defects. [a
                  | neqoxec]
 79549 | Pan      | Noticed Mnoleg
 79580 | Pan      | Gained mutation: You are clumsy. (Dex -2) [a cacodemon]
 79587 | Pan      | Gained mutation: You are dopey. (Int -2) [a cacodemon]
 79593 | Pan      | Gained mutation: You are very clumsy. (Dex -4) [a
                  | cacodemon]
 79598 | Pan      | Killed Mnoleg
 79682 | Pan      | Gained mutation: You are frail. (-10% HP) [a neqoxec]
 79706 | Pan      | Got a glowing rune of Zot
 79766 | Pan      | Lost mutation: You are dopey. (Int -2) [potion of mutation]
 79766 | Pan      | Lost mutation: You are very clumsy. (Dex -4) [potion of
                  | mutation]
 79766 | Pan      | Lost mutation: You are frail. (-10% HP) [potion of
                  | mutation]
 79766 | Pan      | Gained mutation: You passively dampen the noise of your
                  | surroundings. [potion of mutation]
 79766 | Pan      | Gained mutation: You occasionally lose the ability to drink
                  | potions when taking damage. [potion of mutation]
 79767 | Pan      | Lost mutation: You are clumsy. (Dex -2) [potion of
                  | mutation]
 79767 | Pan      | Lost mutation: You have hidden genetic defects. [potion of
                  | mutation]
 79767 | Pan      | Lost mutation: You passively dampen the noise of your
                  | surroundings. [potion of mutation]
 79767 | Pan      | Gained mutation: You are covered in fur. (AC +1) [potion of
                  | mutation]
 79767 | Pan      | Gained mutation: You are clumsy. (Dex -2) [potion of
                  | mutation]
 79768 | Pan      | Lost mutation: You occasionally lose the ability to drink
                  | potions when taking damage. [potion of mutation]
 79768 | Pan      | Lost mutation: You are clumsy. (Dex -2) [potion of
                  | mutation]
 79768 | Pan      | Gained mutation: Your spells are a little harder to cast,
                  | but a little more powerful. [potion of mutation]
 79768 | Pan      | Gained mutation: You are clumsy. (Dex -2) [potion of
                  | mutation]
 79769 | Pan      | Lost mutation: Your spells are a little harder to cast, but
                  | a little more powerful. [potion of mutation]
 79769 | Pan      | Lost mutation: You are covered in fur. (AC +1) [potion of
                  | mutation]
 79769 | Pan      | Lost mutation: You are clumsy. (Dex -2) [potion of
                  | mutation]
 79769 | Pan      | Gained mutation: You possess an exceptional clarity of
                  | mind. [potion of mutation]
 79769 | Pan      | Gained mutation: You are frail. (-10% HP) [potion of
                  | mutation]
 79770 | Pan      | Lost mutation: You are frail. (-10% HP) [potion of
                  | mutation]
 79770 | Pan      | Lost mutation: You possess an exceptional clarity of mind.
                  | [potion of mutation]
 79770 | Pan      | Gained mutation: You are partially covered in iridescent
                  | scales. (AC +2) [potion of mutation]
 79770 | Pan      | Gained mutation: You are frail. (-10% HP) [potion of
                  | mutation]
 79771 | Pan      | Lost mutation: You are partially covered in iridescent
                  | scales. (AC +2) [potion of mutation]
 79771 | Pan      | Lost mutation: You are frail. (-10% HP) [potion of
                  | mutation]
 79771 | Pan      | Gained mutation: Your magical capacity is low. (-10% MP)
                  | [potion of mutation]
 79771 | Pan      | Gained mutation: You have large cloven feet. [potion of
                  | mutation]
 79869 | Pan      | Found an exit through the horrors of the Abyss.
 79889 | Pan      | Identified the +6 war axe of Bellicose Action {spect, Fly
                  | Dex+3}
 79981 | Pan      | Noticed Gatuask the pandemonium lord
 80028 | Pan      | Killed Gatuask the pandemonium lord
 80102 | Pan      | Noticed Jeugoleu the pandemonium lord
 80103 | Pan      | Killed Jeugoleu the pandemonium lord
 80104 | Pan      | Reached skill level 27 in Fighting
 80240 | Pan      | Noticed Moadeku the pandemonium lord
 80349 | Pan      | Noticed Oseniul the pandemonium lord
 80495 | Pan      | Entered the realm of Lom Lobon.
 81135 | Pan      | Noticed Lom Lobon
 81141 | Pan      | Banished Lom Lobon
 81504 | Pan      | Got a magical rune of Zot
 81622 | Pan      | Noticed Daetoel the pandemonium lord
 81640 | Pan      | Banished Daetoel the pandemonium lord
 81644 | Pan      | Got a demonic rune of Zot
 81892 | Pan      | Noticed Ympo the pandemonium lord
 81900 | Pan      | Killed Ympo the pandemonium lord
 81994 | Pan      | Identified the ring "Nasyobamu" {Fire rElec Str+3}
 82016 | Pan      | Entered the realm of Cerebov.
 82139 | Pan      | Reached skill level 5 in Armour
 82209 | Pan      | Got the Folio of the Hurtful Congregation
 82355 | Pan      | Identified the amulet of Xuahasta {RegenMP Rampage *Corrode
                  | Fly rN++}
 82419 | Pan      | Identified the ring "Haarr" {Ice rN+ rCorr MP+9}
 82673 | Pan      | Found the +6 sword of Cerebov {flame}
 82673 | Pan      | Noticed Cerebov
 82682 | Pan      | Banished Cerebov
 82780 | Pan      | Got Loimuenn's Compilation of Mercurial Conjuration
 82832 | Pan      | Got a fiery rune of Zot
 82960 | Pan      | Identified the +1 whip of Makhleb, Glowing {freeze, +Blink
                  | rPois rN+}
 83366 | Pan      | Found an exit through the horrors of the Abyss.
 83424 | Pan      | Entered the realm of Gloorx Vloq.
 83461 | Pan      | Noticed Gloorx Vloq
 83463 | Pan      | Killed Gloorx Vloq
 83512 | Pan      | Got a dark rune of Zot
 84035 | Pan      | Noticed Mennas
 84056 | Pan      | Killed Mennas
 84565 | Pan      | Noticed Usmampi the pandemonium lord
 84575 | Pan      | Banished Usmampi the pandemonium lord
 84783 | Pan      | Found an exit through the horrors of the Abyss.
 84799 | Pan      | Took an exit into the Abyss.
 84799 | Abyss:3  | Escaped into the Abyss
 84832 | Abyss:3  | Found a corrupted altar of Lugonu.
 84848 | Depths:2 | Escaped the Abyss
 84967 | Hell     | Entered the Vestibule of Hell
 84967 | Hell     | Noticed Geryon
 85123 | Hell     | Killed Geryon
 85248 | Hell     | Reached skill level 10 in Shields
 85249 | Hell     | Found a gateway to the Iron City of Dis.
 85352 | Hell     | Found a gateway to the freezing wastes of Cocytus.
 85384 | Hell     | Bought the ring "Roechaan" {rElec rPois rCorr Int-5 Dex+10}
                  | for 1052 gold pieces
 85435 | Coc:1    | Entered Level 1 of Cocytus
 85805 | Coc:6    | Noticed a shard shrike
 85805 | Coc:6    | Noticed a shard shrike
 85806 | Coc:6    | Noticed a shard shrike
 85814 | Coc:6    | Noticed a shard shrike
 85816 | Coc:6    | Noticed a shard shrike
 85819 | Coc:7    | Entered Level 7 of Cocytus
 85823 | Coc:7    | Killed a shard shrike
 86000 | Coc:7    | Noticed a shard shrike
 86004 | Coc:7    | Killed a shard shrike
 86034 | Coc:7    | Noticed a shard shrike
 86035 | Coc:7    | Noticed a shard shrike
 86036 | Coc:7    | Killed a shard shrike
 86038 | Coc:7    | Noticed a shard shrike
 86038 | Coc:7    | Killed a shard shrike
 86041 | Coc:7    | Killed a shard shrike
 86217 | Coc:7    | Noticed Antaeus
 86224 | Coc:7    | Banished Antaeus
 86235 | Coc:7    | Got an icy rune of Zot
 86243 | Coc:7    | Identified the amulet of Sin {Spirit rCorr}
 86499 | Hell     | Found a gateway to the ashen valley of Gehenna.
 86504 | Geh:1    | Entered Level 1 of Gehenna
 86592 | Geh:2    | Reached skill level 10 in Armour
 87455 | Geh:7    | Entered Level 7 of Gehenna
 87570 | Geh:7    | Found the +13 sceptre of Asmodeus
 87570 | Geh:7    | Noticed Asmodeus
 87573 | Geh:7    | Found the +3 greatsling "Punk" {acid, rCorr}
 87574 | Geh:7    | Killed Asmodeus
 87586 | Geh:7    | Got the Elucidation of Evolved Conduction
 87589 | Geh:7    | Got an obsidian rune of Zot
 88430 | Hell     | Found a gateway to the decaying netherworld of Tartarus.
 88491 | Tar:1    | Entered Level 1 of Tartarus
 89203 | Tar:6    | Lost strength.
 89214 | Tar:6    | Reached skill level 27 in Evocations
 89810 | Crypt:1  | Entered Level 1 of the Crypt
 91496 | Crypt:3  | Entered Level 3 of the Crypt
 91971 | Crypt:3  | Got Sif Muna's Meditations on the Coruscating Vector
 93306 | Tar:7    | Entered Level 7 of Tartarus
 93390 | Tar:7    | Identified the ring "Taler" {AC+4 Int+6 Stlth+}
 93435 | Tar:7    | Identified the +4 morningstar of Theory {vamp, rElec}
 93451 | Tar:7    | Identified the +6 hand axe "Killer Klown's Peril" {venom,
                  | *Rage rElec Str+3 Dex+2}
 93807 | Tar:7    | Reached skill level 15 in Shields
 94011 | Tar:7    | Identified the staff "Etty" {rElec rF+ rC++ Conj Earth}
 94012 | Tar:7    | Identified the +7 chain mail of the Frog {Int+3 SInv}
 94059 | Tar:7    | Identified the +6 scale mail of Immorality {-Cast rElec rN+
                  | Regen+}
 94061 | Tar:7    | Identified the +0 crystal plate armour of the Comet {rC+
                  | rCorr}
 94274 | Tar:7    | Noticed the Serpent of Hell
 94276 | Tar:7    | Killed the Serpent of Hell
 94308 | Tar:7    | Noticed Ereshkigal
 94424 | Tar:7    | Reached skill level 15 in Armour
 94860 | Tar:7    | Banished Ereshkigal
 94914 | Tar:7    | Got a bone rune of Zot
 95059 | Hell     | Upgraded the game from 0.31-a0-210-gccc998df9b to
                  | 0.31-a0-214-gb37851dbb3
 95062 | Dis:1    | Entered Level 1 of the Iron City of Dis
 95678 | Temple   | Fell from the grace of Gozag
 95678 | Temple   | Became a worshipper of Dithmenos the Shadowed
 95976 | Depths:2 | Voluntarily entered the Abyss.
 95988 | Depths:2 | Escaped the Abyss
 95996 | Depths:2 | Voluntarily entered the Abyss.
 96097 | Abyss:4  | Found a corrupted altar of Lugonu.
 96115 | Abyss:4  | Reached skill level 5 in Invocations
 96167 | Abyss:4  | Killed Antaeus
 96285 | Abyss:4  | Reached * piety under Dithmenos
 96398 | Abyss:4  | Reached skill level 10 in Invocations
 96402 | Abyss:4  | Killed Frederick
 96498 | Depths:2 | Escaped the Abyss
 96513 | Depths:2 | Voluntarily entered the Abyss.
 96741 | Abyss:4  | Reached ** piety under Dithmenos
 96917 | Abyss:4  | Noticed an ancient lich
 96928 | Abyss:4  | Killed an ancient lich
 96991 | Abyss:4  | Found a corrupted altar of Lugonu.
 97173 | Abyss:4  | Found a corrupted altar of Lugonu.
 97275 | Depths:2 | Escaped the Abyss
 97277 | Depths:2 | Voluntarily entered the Abyss.
 97303 | Abyss:4  | Banished Cerebov
 97304 | Abyss:4  | Reached skill level 15 in Invocations
 97306 | Abyss:4  | Killed Sojobo
 97340 | Abyss:4  | Reached *** piety under Dithmenos
 97606 | Depths:2 | Escaped the Abyss
 97608 | Depths:2 | Voluntarily entered the Abyss.
 97738 | Abyss:4  | Reached **** piety under Dithmenos
 97827 | Depths:2 | Escaped the Abyss
 97869 | Depths:2 | Voluntarily entered the Abyss.
 97906 | Abyss:4  | Found a corrupted altar of Lugonu.
 97937 | Abyss:4  | Found a corrupted altar of Lugonu.
 97989 | Depths:2 | Escaped the Abyss
 98097 | Pan      | Entered Pandemonium
 98125 | Pan      | Gained mutation: Potions are less effective at restoring
                  | your health. [a cacodemon]
 98128 | Pan      | Gained mutation: You are frail. (-10% HP) [a cacodemon]
 98154 | Pan      | Identified the +1 chain mail "Tuakozxeuha" {+Inv rElec rF++
                  | Dex-3}
 98298 | Pan      | Noticed Xebougu the pandemonium lord
 98321 | Pan      | Killed Xebougu the pandemonium lord
 98389 | Pan      | Reached ***** piety under Dithmenos
 98476 | Pan      | Identified the +2 scale mail "Diawueth" {rF+ SInv}
 98516 | Pan      | Found an exit through the horrors of the Abyss.
 98888 | Pan      | Lost mutation: You are frail. (-10% HP) [potion of
                  | mutation]
 98888 | Pan      | Lost mutation: You have large cloven feet. [potion of
                  | mutation]
 98888 | Pan      | Gained mutation: Your body sometimes deteriorates upon
                  | taking damage. [potion of mutation]
 98888 | Pan      | Gained mutation: You are partially covered in iridescent
                  | scales. (AC +2) [potion of mutation]
 98889 | Pan      | Lost mutation: Your magical capacity is low. (-10% MP)
                  | [potion of mutation]
 98889 | Pan      | Lost mutation: Potions are less effective at restoring your
                  | health. [potion of mutation]
 98889 | Pan      | Gained mutation: You are robust. (+10% HP) [potion of
                  | mutation]
 98891 | Pan      | Lost mutation: Your body sometimes deteriorates upon taking
                  | damage. [potion of mutation]
 98891 | Pan      | Lost mutation: You are robust. (+10% HP) [potion of
                  | mutation]
 98891 | Pan      | Gained mutation: You are clumsy. (Dex -2) [potion of
                  | mutation]
 98891 | Pan      | Gained mutation: Your magical capacity is low. (-10% MP)
                  | [potion of mutation]
 98891 | Pan      | Gained mutation: Your spells are a little harder to cast,
                  | but a little more powerful. [potion of mutation]
 98891 | Pan      | Lost mutation: You are clumsy. (Dex -2) [potion of
                  | mutation]
 98937 | Depths:2 | Escaped Pandemonium
 98970 | Depths:2 | Learned a level 6 spell: Death Channel
 98971 | Zig:1    | Entered Level 1 of a ziggurat
 98998 | Zig:1    | Reached skill level 1 in Necromancy
 99118 | Zig:2    | Entered Level 2 of a ziggurat
 99125 | Zig:2    | Identified the staff "Doheelad" {rElec Int+3 Dex+6 Air}
 99129 | Zig:3    | Entered Level 3 of a ziggurat
 99132 | Zig:3    | Noticed a shard shrike
 99146 | Zig:3    | Killed a shard shrike
 99163 | Zig:4    | Entered Level 4 of a ziggurat
 99204 | Zig:5    | Entered Level 5 of a ziggurat
 99209 | Zig:5    | Noticed a Killer Klown
 99209 | Zig:5    | Noticed a Killer Klown
 99220 | Zig:5    | Banished a Killer Klown
 99223 | Zig:5    | a Killer Klown changed into a shard shrike
 99223 | Zig:5    | Noticed a shard shrike
 99226 | Zig:5    | Banished a shard shrike
 99243 | Zig:5    | Identified the +8 great sword of Ascent {vamp, Contam
                  | Int+3}
 99260 | Zig:6    | Entered Level 6 of a ziggurat
 99266 | Zig:6    | Noticed a dread lich
 99269 | Zig:6    | Banished a dread lich
 99272 | Zig:6    | Noticed a dread lich
 99278 | Zig:6    | Killed a dread lich
 99279 | Zig:6    | Reached skill level 5 in Necromancy
 99348 | Zig:7    | Entered Level 7 of a ziggurat
 99421 | Zig:7    | Identified the +2 chain mail of Foubuy {Slay+2}
 99425 | Zig:7    | Identified the +6 shortbow of Var Joo {flame, Fly Will+
                  | Dex+4}
 99430 | Zig:7    | Identified the +2 scimitar "Zalan" {vamp, rN+ rCorr Dex-3}
 99435 | Zig:8    | Entered Level 8 of a ziggurat
 99451 | Zig:8    | Noticed Ynko the pandemonium lord
 99456 | Zig:8    | Banished Ynko the pandemonium lord
 99485 | Zig:8    | Identified the +4 chain mail "Qetiekua" {Fly}
 99529 | Zig:9    | Entered Level 9 of a ziggurat
 99613 | Zig:9    | Identified the +1 short sword "Vasuxog" {flame, Fly rC-
                  | rN+++ Dex-4}
 99621 | Zig:9    | Identified the +0 war axe "Stringbean" {venom, Drain SInv
                  | Stlth+}
 99631 | Zig:9    | Reached skill level 10 in Necromancy
 99633 | Zig:10   | Entered Level 10 of a ziggurat
 99670 | Zig:10   | Gained mutation: You occasionally shout uncontrollably at
                  | your foes. [a shining eye]
 99803 | Zig:11   | Entered Level 11 of a ziggurat
 99814 | Zig:11   | Noticed a royal mummy
 99814 | Zig:11   | Noticed a royal mummy
 99819 | Zig:11   | Noticed a royal mummy
 99821 | Zig:11   | Noticed a royal mummy
 99825 | Zig:11   | Noticed a royal mummy
 99877 | Zig:11   | Banished a royal mummy
 99897 | Zig:11   | Identified the +6 morningstar "Hell-Harrower" {speed, rC+
                  | rN++ Int+2}
 99899 | Zig:12   | Entered Level 12 of a ziggurat
 99933 | Zig:12   | Noticed an ancient lich
 99933 | Zig:12   | Noticed an ancient lich
 99952 | Zig:12   | Banished an ancient lich
 99953 | Zig:12   | Was forgiven by Gozag
 99965 | Zig:12   | Killed an ancient lich
 99978 | Zig:12   | Found the +2 cloak of the Thief {*Fog Slay-2 SInv Stlth+}
100048 | Zig:12   | Identified the +3 hand axe "Lafaw" {heavy, Fly Str+5}
100050 | Zig:12   | Identified the +8 orcbow of Moaco {drain, Fragile +Blink
                  | rC- SInv}
100105 | Zig:13   | Entered Level 13 of a ziggurat
100178 | Zig:13   | Got The Highest Levels of Spellcraft
100279 | Zig:14   | Entered Level 14 of a ziggurat
100323 | Zig:14   | Noticed an ancient lich
100351 | Zig:14   | Reached skill level 15 in Necromancy
100357 | Zig:14   | Killed an ancient lich
100384 | Zig:14   | Identified the +2 ring mail "Harritum" {Int+2 Dex+3 Slay+2}
100389 | Zig:14   | Identified the ring "Qiopnoas" {Str+6 Dex+2}
100404 | Zig:14   | Identified the +1 leather armour of Courage {Rampage Fly
                  | Will-}
100533 | Zig:15   | Entered Level 15 of a ziggurat
100580 | Zig:15   | Noticed a shard shrike
100589 | Zig:15   | Noticed a dread lich
100593 | Zig:15   | Paralysed by a wendigo for 1 turns
100599 | Zig:15   | Killed a shard shrike
100817 | Zig:15   | Killed a dread lich
100824 | Zig:15   | Identified the amulet "Cammemy" {Drain rF+ Regen+ rCorr
                  | Stlth+}
100841 | Zig:15   | Identified the +6 flail of Focus {antimagic, Fly rC- rN+
                  | Str+3}
100867 | Zig:15   | Learned a level 4 spell: Dispel Undead
100876 | Zig:15   | Learned a level 8 spell: Infestation
100893 | Zig:16   | Entered Level 16 of a ziggurat
100933 | Zig:16   | Gained mutation: Your body sometimes deteriorates upon
                  | taking damage. [a shining eye]
100948 | Zig:16   | Gained mutation: You are very clumsy. (Dex -4) [a
                  | cacodemon]
100950 | Zig:16   | Paralysed by accursed screaming for 2 turns
101069 | Zig:16   | Found the +5 glaive of the Guard {elec, spectral, AC+5}
101080 | Zig:16   | Identified the +1 war axe "Dulauvets" {drain, rElec Int+2}
101089 | Zig:16   | Identified the +0 quarterstaff of Hase {vamp, rCorr Str+5}
101090 | Zig:16   | Identified the +6 chain mail of Proximity {+Blink rF+ rC-
                  | Will+}
101189 | Zig:16   | Lost mutation: Your spells are a little harder to cast, but
                  | a little more powerful. [potion of mutation]
101189 | Zig:16   | Lost mutation: Your body sometimes deteriorates upon taking
                  | damage. [potion of mutation]
101189 | Zig:16   | Lost mutation: You occasionally shout uncontrollably at
                  | your foes. [potion of mutation]
101189 | Zig:16   | Gained mutation: You are weak. (Str -2) [potion of
                  | mutation]
101190 | Zig:16   | Lost mutation: You are partially covered in iridescent
                  | scales. (AC +2) [potion of mutation]
101190 | Zig:16   | Lost mutation: You are weak. (Str -2) [potion of mutation]
101190 | Zig:16   | Lost mutation: Your magical capacity is low. (-10% MP)
                  | [potion of mutation]
101190 | Zig:16   | Gained mutation: You sometimes lose your temper in combat.
                  | [potion of mutation]
101190 | Zig:16   | Gained mutation: Your flesh is cold resistant. (rC+)
                  | [potion of mutation]
101190 | Zig:16   | Gained mutation: You have a pair of small antennae on your
                  | head. [potion of mutation]
101190 | Zig:16   | Gained mutation: You are robust. (+10% HP) [potion of
                  | mutation]
101191 | Zig:16   | Lost mutation: You sometimes lose your temper in combat.
                  | [potion of mutation]
101191 | Zig:16   | Lost mutation: You are clumsy. (Dex -2) [potion of
                  | mutation]
101191 | Zig:16   | Gained mutation: You do not regenerate when monsters are
                  | visible. [potion of mutation]
101192 | Zig:16   | Lost mutation: Your flesh is cold resistant. (rC+) [potion
                  | of mutation]
101192 | Zig:16   | Lost mutation: You are robust. (+10% HP) [potion of
                  | mutation]
101192 | Zig:16   | Lost mutation: You do not regenerate when monsters are
                  | visible. [potion of mutation]
101192 | Zig:16   | Gained mutation: You are frail. (-10% HP) [potion of
                  | mutation]
101192 | Zig:16   | Gained mutation: Your body sometimes deteriorates upon
                  | taking damage. [potion of mutation]
101193 | Zig:16   | Lost mutation: Your body sometimes deteriorates upon taking
                  | damage. [potion of mutation]
101193 | Zig:16   | Lost mutation: You have a pair of small antennae on your
                  | head. [potion of mutation]
101193 | Zig:16   | Gained mutation: You have sharp toenails. [potion of
                  | mutation]
101194 | Zig:16   | Lost mutation: You are frail. (-10% HP) [potion of
                  | mutation]
101194 | Zig:16   | Lost mutation: You have sharp toenails. [potion of
                  | mutation]
101194 | Zig:16   | Gained mutation: You have hidden genetic defects. [potion
                  | of mutation]
101194 | Zig:16   | Gained mutation: You possess an exceptional clarity of
                  | mind. [potion of mutation]
101194 | Zig:16   | Gained mutation: Your flesh is heat resistant. (rF+)
                  | [potion of mutation]
101203 | Zig:17   | Entered Level 17 of a ziggurat
101246 | Zig:17   | Identified the ring "Iremib" {Str+6 Dex+3}
101455 | Zig:17   | Identified the amulet of Doimpull {Acrobat Rampage *Corrode
                  | Will++ Dex-2}
101463 | Zig:17   | Identified the ring "Enaox" {rF+ rCorr MP+9 Int+3 Dex+3}
101528 | Zig:17   | Acquired a manual of Ranged Weapons
101537 | Zig:18   | Entered Level 18 of a ziggurat
101601 | Zig:18   | Gained mutation: You are weak. (Str -2) [hidden defects]
101696 | Zig:18   | Identified the ring "Xiycem" {rF+ rN+}
101698 | Zig:18   | Identified the +8 rapier "Beastslayer" {freeze, rF++ Dex-2}
101699 | Zig:18   | Identified the +3 scale mail of Hedonism {Will++ Int+2
                  | Dex+4}
101701 | Zig:18   | Identified the staff "Hellblazer" {rPois rF+ Int+2 Earth
                  | Poison}
101704 | Zig:18   | Got the Vellum of Altered Putridity
101831 | Zig:19   | Entered Level 19 of a ziggurat
101873 | Zig:19   | Noticed an ancient lich
101893 | Zig:19   | Killed an ancient lich
101897 | Zig:19   | Reached ****** piety under Dithmenos
101905 | Zig:19   | Gained mutation: Potions are less effective at restoring
                  | your health. [hidden defects]
101905 | Zig:19   | Lost mutation: You have hidden genetic defects. [hidden
                  | defects expressed]
102029 | Zig:19   | Identified the +3 leather armour "Heriawn" {rC+ Will+
                  | Int+3}
102038 | Zig:19   | Identified the +3 arbalest "Puuqedup" {freeze, rF+ rN+
                  | Stlth-}
102039 | Zig:19   | Identified the staff of the Hills {rPois rF- rN++ Poison}
102043 | Zig:19   | Identified the +0 cloak of Darkness {Will+ Stlth+}
102055 | Zig:19   | Identified the +6 plate armour "Moathra Sedgh" {Dex+2}
102058 | Zig:19   | Identified the +1 shortbow "Killer Bee's Peril" {speed,
                  | Str+5 Dex-4}
102215 | Zig:20   | Entered Level 20 of a ziggurat
102284 | Zig:20   | Identified the amulet of Fitejobb {Faith Fly rC- Dex+2}
102327 | Zig:20   | Identified the +10 plate armour "Qausch" {Str+3 Dex+2}
102330 | Zig:20   | Identified the +0 leather armour of the Prince of Darkness
                  | {rElec Regen+ Str-2}
102333 | Zig:20   | Identified the +8 chain mail of a Labyrinth {Drain rPois
                  | rCorr}
102336 | Zig:20   | Identified the staff of Trauma {Fragile rElec rPois rN+
                  | Will+ Poison}
102337 | Zig:20   | Identified the +7 broad axe of Weplu {heavy, rF- rC+ Str+3}
102510 | Zig:20   | Learned a level 8 spell: Ignition
102511 | Zig:21   | Entered Level 21 of a ziggurat
102567 | Zig:21   | Reached skill level 1 in Fire Magic
102568 | Zig:21   | Noticed a Killer Klown
102569 | Zig:21   | Noticed a Killer Klown
102569 | Zig:21   | Noticed a Killer Klown
102572 | Zig:21   | Noticed Rochirod the pandemonium lord
102573 | Zig:21   | Noticed Zat Rano the pandemonium lord
102574 | Zig:21   | Killed a Killer Klown
102585 | Zig:21   | Killed Zat Rano the pandemonium lord
102586 | Zig:21   | Noticed Hunoam the pandemonium lord
102586 | Zig:21   | Killed a Killer Klown
102589 | Zig:21   | Noticed a Killer Klown
102590 | Zig:21   | Banished Hunoam the pandemonium lord
102591 | Zig:21   | Reached skill level 5 in Spellcasting
102592 | Zig:21   | Banished a Killer Klown
102593 | Zig:21   | Noticed a Killer Klown
102595 | Zig:21   | Noticed Ryihus the pandemonium lord
102596 | Zig:21   | Noticed a Killer Klown
102600 | Zig:21   | Killed a Killer Klown
102606 | Zig:21   | Killed a Killer Klown
102608 | Zig:21   | Killed a Killer Klown
102612 | Zig:21   | Banished Rochirod the pandemonium lord
102613 | Zig:21   | Reached skill level 5 in Fire Magic
102613 | Zig:21   | Noticed Jugatydgh the pandemonium lord
102613 | Zig:21   | Noticed a Killer Klown
102613 | Zig:21   | Noticed a Killer Klown
102614 | Zig:21   | Noticed a Killer Klown
102615 | Zig:21   | Noticed Loixoip the pandemonium lord
102615 | Zig:21   | Noticed a Killer Klown
102617 | Zig:21   | Noticed Tuteh the pandemonium lord
102618 | Zig:21   | Killed a Killer Klown
102623 | Zig:21   | Killed Jugatydgh the pandemonium lord
102624 | Zig:21   | Noticed Goytsug the pandemonium lord
102626 | Zig:21   | Killed a Killer Klown
102635 | Zig:21   | Noticed Soagekha the pandemonium lord
102635 | Zig:21   | Killed Tuteh the pandemonium lord
102640 | Zig:21   | Killed a Killer Klown
102643 | Zig:21   | Killed a Killer Klown
102649 | Zig:21   | Killed Ryihus the pandemonium lord
102659 | Zig:21   | Killed Soagekha the pandemonium lord
102683 | Zig:21   | Killed Goytsug the pandemonium lord
102686 | Zig:21   | Killed Loixoip the pandemonium lord
102706 | Zig:21   | Identified the +5 chain mail "Pokhlu Ecoma" {-Cast Drain
                  | Regen+ Dex+8}
102714 | Zig:21   | Identified the staff "Ucvaf" {rF+ Str+4 Earth}
102788 | Zig:21   | Identified the staff of Exquisite Death {Dex+6 Conj}
102812 | Zig:22   | Entered Level 22 of a ziggurat
102840 | Zig:22   | Noticed a juggernaut
102845 | Zig:22   | Noticed a juggernaut
102855 | Zig:22   | Banished a juggernaut
102864 | Zig:22   | Noticed a juggernaut
102869 | Zig:22   | Banished a juggernaut
102875 | Zig:22   | Noticed a juggernaut
102903 | Zig:22   | Banished a juggernaut
102905 | Zig:22   | Killed a juggernaut
102924 | Zig:22   | Reached skill level 10 in Spellcasting
103101 | Zig:22   | Identified the +0 cloak of Inquiry {rPois rC- Int+3}
103103 | Zig:22   | Identified the staff of Bile {rF+ Int+2 Fire}
103105 | Zig:22   | Identified the +7 war axe "Kizo" {vamp, rN+++ rCorr Str+2
                  | Int-2}
103110 | Zig:22   | Identified the +7 halberd "Somesax" {pain, rElec rPois rC+
                  | Dex+2}
103111 | Zig:22   | Identified the staff "Sushucuq" {rPois rN+ Dex+3 SInv
                  | Necro}
103113 | Zig:22   | Identified the ring of Jolim {MP+9 Int-2 Slay+4 SInv
                  | Stlth-}
103117 | Zig:22   | Identified the +12 chain mail of the Elven Halls {rElec
                  | Str+4 Dex+3}
103130 | Zig:22   | Identified the +6 long sword of Execution {flame, rElec}
103137 | Zig:22   | Identified the +2 robe "Utummili" {rPois Str+3}
103253 | Zig:23   | Entered Level 23 of a ziggurat
103267 | Zig:23   | Noticed a royal mummy
103268 | Zig:23   | Noticed a royal mummy
103273 | Zig:23   | Noticed a royal mummy
103277 | Zig:23   | Noticed a royal mummy
103284 | Zig:24   | Entered Level 24 of a ziggurat
103306 | Zig:24   | Noticed a dread lich
103308 | Zig:24   | Noticed a dread lich
103308 | Zig:24   | Noticed a dread lich
103310 | Zig:24   | Noticed an ancient lich
103312 | Zig:24   | Banished a dread lich
103322 | Zig:24   | Noticed an ancient lich
103334 | Zig:24   | Reached skill level 10 in Fire Magic
103338 | Zig:24   | Killed an ancient lich
103339 | Zig:24   | Noticed a dread lich
103341 | Zig:24   | Noticed an ancient lich
103342 | Zig:24   | Noticed an ancient lich
103516 | Zig:24   | Killed a dread lich
103568 | Zig:24   | Banished a dread lich
103571 | Zig:24   | Killed an ancient lich
103588 | Zig:24   | Killed an ancient lich
103614 | Zig:24   | Killed a dread lich
103615 | Zig:24   | Killed an ancient lich
103665 | Zig:24   | Identified the +1 shortbow "Goeloxos" {antimagic, rF++
                  | Str-2 Int+5 Stlth-}
103669 | Zig:24   | Identified the +0 plate armour of the Alphagorgon {rElec
                  | rCorr Dex+2}
103694 | Zig:24   | Identified the ring of Lady Luck {Fly rF+ rC++ Stlth+}
103699 | Zig:24   | Identified the +1 quarterstaff of Purpose {flame, Int+4}
103704 | Zig:24   | Identified the staff of Nemelex Xobeh's Envy {rC+ rN+ Int+3
                  | Dex-5 SInv Necro}
103708 | Zig:24   | Identified the +3 morningstar of the Ancients {spect, MP+9
                  | SInv}
103928 | Zig:25   | Entered Level 25 of a ziggurat
104001 | Zig:25   | Noticed an orb of fire
104002 | Zig:25   | Noticed an orb of fire
104004 | Zig:25   | Noticed an orb of fire
104010 | Zig:25   | Banished an orb of fire
104014 | Zig:25   | Identified the ring "Xety" {rElec rN+ Stlth+}
104017 | Zig:25   | Identified the ring of Jacuraec {AC+4 Str+6}
104018 | Zig:25   | Identified the scarf of the Unstoppable Runes {harm, rF-
                  | Int+5}
104024 | Zig:25   | Identified the +4 halberd of Taufruz {heavy, rC+ Str+2}
104031 | Zig:26   | Entered Level 26 of a ziggurat
104176 | Zig:26   | Noticed a shard shrike
104178 | Zig:26   | Killed a shard shrike
104204 | Zig:26   | Reached skill level 15 in Spellcasting
104237 | Zig:26   | Paralysed by a wendigo for 1 turns
104278 | Zig:26   | Noticed a shard shrike
104281 | Zig:26   | Noticed a shard shrike
104298 | Zig:26   | Killed a shard shrike
104299 | Zig:26   | Reached skill level 15 in Fire Magic
104299 | Zig:26   | Killed a shard shrike
104518 | Zig:26   | Identified the ring "Aroboa" {rPois rF+ Will+++ Str+3
                  | Dex-3}
104544 | Zig:26   | Identified the +7 great sword "Hiupriz" {drain, Str+2}
104547 | Zig:26   | Identified the +7 spear "Tecli" {freeze, rCorr}
104553 | Zig:26   | Identified the +13 crystal plate armour "Ugelemu" {Will-
                  | Str+7}
104610 | Zig:26   | Noticed a shard shrike
104657 | Zig:27   | Entered Level 27 of a ziggurat
105266 | Zig:27   | Identified the amulet "Idaotiaf" {Regen+ Int+3 Dex+2
                  | Slay+2}
105266 | Zig:27   | Found the +16 obsidian axe {drain, demonic, Mesm Drain Fly
                  | SInv}
105266 | Zig:27   | Found the +7 great mace "Firestarter" {flame, immolate,
                  | rFlCloud rF++}
105277 | Zig:27   | Found the +8 arc blade {discharge, rElec}
105284 | Zig:27   | Identified the +5 rapier of Earthquakes {flame, rF- Will++
                  | Int+3 Stlth-}
105330 | Zig:27   | Learned a level 8 spell: Necromutation
105350 | Zig:27   | Identified the +2 hand axe of Integrity {venom, rN+ Int+2
                  | Dex+2}
105508 | Dis:2    | Reached skill level 1 in Transmutations
105858 | Dis:3    | Reached skill level 5 in Transmutations
106616 | Dis:6    | Found a burning altar of Makhleb.
106692 | Dis:6    | Slain by an iron golem

Illustrated notes

Levels and vault maps discovered:
D:1:      ncdulo_lavacross, layout_loops_cross,
          shapermc_ecumenical_altar_ellora, chequers_serial_rivers_marsh
D:2:      layout_basic, basic_altar, uniq_terence
D:3:      layout_basic, serial_shops, nicolae_shop_tiny_glass,
          nicolae_figureground_pulse
D:4:      layout_basic, dancing_weapons_uskayaw
D:5:      layout_basic, uniq_sigmund
D:6:      layout_rooms, nicolae_overflow_hidden_temple
D:7:      layout_loops_cross, tso_metal_star, marbit_many_paths,
          old_standard_altar, minmay_temple_entry_nine_rooms
D:8:      layout_loops_ring, zin_academy, lair_entry_dummy, grunt_potential,
          uniq_pikel
D:9:      nzn_winding_woodlands_three_and_one [nzn_winding_woodlands_5x15_twine,
          nzn_winding_woodlands_5x15_parted,
          nzn_winding_woodlands_5x15_sidewinder,
          nzn_winding_woodlands_center_triple_pond], layout_basic,
          minmay_crystal_water, minmay_starry_boxes
D:10:     layout_irregular_city, orc_0_dummy
D:11:     layout_roguey, hellmonk_ghost_big_iron, uniq_sonja
D:12:     layout_basic, gauntlet_entry_generic
D:13:     layout_basic, david_vaults_3, grunt_qazlal_clouds, uniq_azrael
D:14:     layout_small_grid, dreamdust_princess_corridor, serial_shops,
          nicolae_shop_advertising_works [nicolae_subvault_shop_adworks],
          serial_rivers, chequers_serial_rivers_large_a,
          chequers_serial_rivers_marsh, chequers_serial_rivers_micro_c,
          chequers_serial_rivers_room_a
D:15:     gammafunk_depths_entry_grave, layout_loops_cross, serial_glass,
          glass_columns_a, glass_columns_a, xom_redecorated
Temple:   oiseaux_autumnal_temple
Lair:1:   layout_hall_layers, nicolae_quartered_pool_little,
          kennysheep_abandoned_house, lemuel_fruit_fields
Lair:2:   layout_chaotic_city, palyth_hydra_swamp_entry,
          ebering_ghost_rock_garden, grunt_megastairs_5
Lair:3:   layout_cave_pods, spider_nest_entry_rubble, gammafunk_ghost_cemetery,
          portal_ice_cave_rime, serial_bayou_lake_a
Lair:4:   layout_loops_ring, roderic_carrion_pond, infiniplex_staircase_pool,
          grunt_megastairs_1
Lair:5:   hellmonk_lair_end_abyssal_woods, layout_loops_ring,
          minmay_slime_entry_oklob_enclosed, ebering_ghost_reflecting_pool,
          dreamdust_gnoll_shepherd, uniq_urug
Swamp:1:  layout_falls_marsh, evilmike_swamp_ruin_house_4, uniq_jorgrun
Swamp:2:  layout_basic_swamp, wheals_swamp_sinkhole, uniq_nikola
Swamp:3:  layout_falls_marsh, nicolae_swamp_ascending_descending_big,
          swamp_pool5, hangedman_swamp_dais, uniq_bai_suzhen
Swamp:4:  swamp_old_school, layout_basic_swamp
Spider:1: layout_spider_delve, uniq_asterion
Spider:2: layout_spider_delve
Spider:3: layout_cave_pods
Spider:4: spider_rune_water, hellmonk_motheaten_closet, uniq_mlioglotl
Slime:1:  layout_caves, cheibrodos_slime_lost_civilization_5
Slime:2:  layout_caves
Slime:3:  layout_caves
Slime:4:  layout_caves
Slime:5
Orc:1:    layout_caves, serial_shops, shop, dreamdust_deal_with_the_devil,
          minmay_orc_temple_c, uniq_gastronok, uniq_fannar, uniq_harold
Orc:2:    st_orc_ogre_mass, layout_caves, basic_altar
Elf:1:    eino_elf_arrival_altar, layout_gridlike, minmay_elf_demonology,
          lemuel_flame_loot_1, uniq_aizul, uniq_donald
Elf:2:    nicolae_elf_blades_crystal_corner, layout_gridlike, minmay_shop_grove
Elf:3:    minmay_elf_hall_statues, layout_geoelf_castle
Vaults:1: nicolae_vaults_disjoint_gnomons, v_misc_18,
          nicolae_vaults_circle_grid_b, nicolae_vaults_octagons,
          nicolae_vaults_storage_room_glass, ontoclasm_vaults_bender,
          nicolae_vaults_surprise_closet, nicolae_vaults_yaktaur_gun_rack,
          nicolae_vaults_network_periphery, nicolae_vaults_turnstiles,
          grunt_vaults_bifocal, layout_vaults_omnibox, uniq_zenata
Vaults:2: v_misc_24, nicolae_vaults_little_squares_4, nicolae_vaults_little_ls,
          nicolae_vaults_disjoint_gnomons, vaults_standard_mumra_lines,
          hangedman_vaults_stretched_pinwheel, nicolae_vaults_network_barrier,
          nicolae_vaults_two_Ls, nicolae_vaults_little_squares_3, v_rooms_4,
          nicolae_vaults_border_crossing, nicolae_vaults_wine_cellar,
          nicolae_vaults_trapezoid_2, ontoclasm_vaults_fault,
          layout_vaults_chaotic_city
Vaults:3: nicolae_vaults_little_squares_3, hangedman_vaults_locks, v_misc_15,
          v_misc_26, hangedman_vaults_pinch, nicolae_vaults_trapezoid_4,
          nicolae_vaults_network_star, nicolae_vaults_stepped_doors,
          nicolae_vaults_storage_closets_1, hangedman_vaults_impose,
          vaults_room_stairs_pillars, v_alt_pattern_4,
          minmay_crypt_entry_simple_statues, nicolae_vaults_angled_halls,
          nicolae_vaults_asterisk, layout_vaults_omnicross, uniq_sojobo,
          uniq_mara
Vaults:4: nicolae_vaults_big_angled_halls, v_misc_4, serial_ice_h,
          nicolae_vaults_statue_guard, nicolae_vaults_six-pack,
          ontoclasm_vaults_hangar, nicolae_vaults_closet_pinwheel_6,
          vaults_dpeg_diagonal, nicolae_vaults_sealed_display,
          nicolae_vaults_asterisk, nicolae_vaults_more_shelving_1,
          dpeg_vaults_monster_box, layout_vaults_omnigrid, serial_shops, shop
Vaults:5
Crypt:1:  layout_basic, glass_columns_a, grunt_megastairs_2,
          grunt_crypt_arrival_webbed
Crypt:2:  layout_chaotic_city
Crypt:3:  evilmike_haunted_forest
Depths:1: layout_gridlike, grunt_metal_band, reono_crystal_passage,
          hangedman_decor_riveting, nicolae_kite_square_tiling_tiny,
          minmay_shattered_shrine
Depths:2: evilmike_halls_of_destruction, layout_gridlike, enter_ziggurat_b,
          abyss_entry, hell_entry, minmay_misc_feat_doors, pan_entry,
          infiniplex_staircase_pillars_1, minmay_shop_star,
          serial_bayou_shore_b, serial_bayou_shore_b
Depths:3: minmay_central_circle, layout_basic, pf_vacation_house_of_asmodeus,
          abyss_entry
Depths:4: grunt_twist_and_shout, layout_gridville, dk_noncrumbling_4,
          hangedman_abyss_entry_splay, hell_entry, uniq_margery
Hell
Dis:1:    hangedman_dis_monolith, layout_regular_city
Dis:2:    layout_subdivisions, nicolae_dis_grated_feature
Dis:3:    hangedman_dis_decor_blocks_mantle, layout_jigsaw
Dis:4:    layout_regular_city
Dis:5:    layout_jigsaw, hangedman_dis_decor_tower,
          nicolae_hells_fiendish_ambush
Dis:6:    kennysheep_iron_temple, layout_jigsaw
Geh:1:    layout_gehenna_lava_caves
Geh:2:    layout_gehenna_lava_caves
Geh:3:    layout_gehenna_pools_basic
Geh:4:    layout_gehenna_pools_box, nicolae_geh_isolated_escape
Geh:5:    layout_gehenna_pools_box
Geh:6:    layout_gehenna_pools_basic, hangedman_elemental_grid_stream
Geh:7:    geh_grunt_pentagon
Coc:1:    layout_ice_bergs
Coc:2:    layout_cocytus_water_paths
Coc:3:    layout_cocytus_water_paths
Coc:4:    layout_ice_bergs
Coc:5:    layout_cocytus_water_paths, serial_ice
Coc:6:    layout_ice_bergs
Coc:7:    coc_old
Tar:1:    layout_honeycomb
Tar:2:    layout_honeycomb
Tar:3:    nicolae_tar_funeral_procession, layout_cathedral_of_symmetry
Tar:4:    layout_catacombs
Tar:5:    layout_cathedral_of_symmetry
Tar:6:    layout_grid_maze, nicolae_tar_cuneiform_three, lemuel_nasty_fountain
Tar:7:    tar_old

Skill      XL: |  1  2  3  4  5  6  7  8  9 10 11 12 13 14 15 16 17 18 19 20 21 22 23 24 25 26 27 |
---------------+----------------------------------------------------------------------------------+-----
Stealth        | 1 2 3 4 6 10 13 16 17 19 20 21 22 23 25 26 27 | 27.0
Dodging        | 4 5 6 7 9 10 12 14 15 17 20 22 23 24 26 27 | 27.0
Short Blades   | 5 6 7 9 10 14 15 17 20 25 27 | 27.0
Fighting       | 4 5 8 9 11 12 13 15 18 22 27 | 27.0
Evocations     | 2 6 10 11 14 15 16 18 27 | 27.0
Shields        | 2 5 6 17 | 17.5
Armour         | 1 2 15 | 15.0
Spellcasting   | 3 19 | 19.2
Invocations    | 18 | 18.9
Necromancy     | 23 | 23.1
Fire Magic     | 18 | 18.6
Transmutations | 9 |  9.2

Action                     |  1- 3 |  4- 6 |  7- 9 | 10-12 | 13-15 | 16-18 | 19-21 | 22-24 | 25-27 || total
---------------------------+-------+-------+-------+-------+-------+-------+-------+-------+-------++-------
  Melee: Short sword       |   110 |   190 |   232 |    31 |       |       |       |       |       ||   563
         Punch             |     1 |     5 |     2 |       |       |       |       |       |       ||     8
         Quick blade       |       |       |       |   314 |   715 |  1268 |  1027 |  1510 | 10765 || 15599
   Cast: Infestation       |       |       |       |       |       |       |       |       |    29 ||    29
         Death Channel     |       |       |       |       |       |       |       |       |    27 ||    27
         Ignition          |       |       |       |       |       |       |       |       |     5 ||     5
 Invoke: Call Merchant     |       |       |       |       |       |     2 |     4 |     3 |     7 ||    16
         Shadow Form       |       |       |       |       |       |       |       |       |     8 ||     8
         Potion Petition   |       |       |       |       |       |       |       |       |     2 ||     2
Ability: Evoke Invisibilit |       |       |     2 |     6 |     2 |     3 |     2 |     1 |     3 ||    19
  Evoke: Wand              |       |       |       |       |       |       |       |       |    42 ||    42
         Horn of Geryon    |       |       |       |       |       |       |       |       |    11 ||    11
         Lightning rod     |       |       |       |       |       |       |       |       |     4 ||     4
         Phantom mirror    |       |       |       |       |       |       |       |       |     4 ||     4
         Phial of floods   |       |       |       |       |       |       |       |       |     2 ||     2
    Use: Potion            |     1 |       |       |     1 |       |     1 |       |     1 |    35 ||    39
         Scroll            |     7 |     5 |     1 |     4 |    10 |     6 |     4 |       |    35 ||    72
   Stab: Sleeping          |    13 |    13 |    16 |    38 |    64 |   112 |   129 |   142 |   366 ||   893
         Distracted        |     2 |       |       |     4 |    22 |    31 |    26 |    28 |   402 ||   515
         Invisible         |       |       |     7 |    22 |     1 |    19 |    12 |     6 |    92 ||   159
         Held in net/web   |       |       |       |       |       |       |       |       |     7 ||     7
         Confused          |       |       |       |       |       |       |       |       |     6 ||     6
         Paralysed         |       |       |       |       |       |       |       |       |     1 ||     1
 Armour: Robe              |     5 |    12 |     8 |       |       |    13 |     9 |    11 |   137 ||   195
         Leather armour    |       |       |       |     6 |    13 |    12 |       |       |       ||    31
  Dodge: Dodged            |    64 |   148 |   153 |   181 |   177 |   595 |   405 |   545 |  5229 ||  7497
  Block: Buckler           |       |       |       |    66 |    76 |   200 |   161 |   364 |  4145 ||  5012
         Reflection        |       |       |       |       |       |       |     6 |    33 |    79 ||   118

Table legend: (Time is in decaauts)
 A = Elapsed time spent in this place.
 B = Non-inter-level travel time spent in this place.
 C = Inter-level travel time spent in this place.
 D = Time resting spent in this place.
 E = Time spent auto-exploring this place.
 F = Levels seen in this place.
 G = Mean time per level.
                   A        B        C        D        E       F      G
               +--------+--------+--------+--------+--------+-----+--------+
         Total | 102823 |  96405 |   6418 |   3185 |  71904 | 136 |  756.1 |
       Dungeon |  22244 |  19998 |   2246 |   1266 |  16352 |  15 | 1482.9 |
        Temple |    405 |    333 |     72 |      0 |    310 |   1 |  405.0 |
          Lair |  10086 |   9439 |    647 |    308 |   7836 |   5 | 2017.2 |
         Swamp |   6664 |   6549 |    115 |      0 |   6026 |   4 | 1666.0 |
   Spider Nest |   9077 |   8908 |    169 |    142 |   7838 |   4 | 2269.2 |
    Slime Pits |   1172 |   1114 |     58 |      0 |    629 |   5 |  234.4 |
  Orcish Mines |   4634 |   4363 |    271 |      0 |   3766 |   2 | 2317.0 |
   Elven Halls |   9641 |   9482 |    159 |    107 |   8534 |   3 | 3213.7 |
        Vaults |   8367 |   7479 |    888 |      0 |   5768 |   5 | 1673.4 |
         Crypt |   2568 |   2385 |    183 |      0 |   1925 |   3 |  856.0 |
        Depths |   5429 |   4372 |   1057 |    113 |   3079 |   4 | 1357.2 |
          Hell |   1322 |   1235 |     87 |    146 |    518 |   1 | 1322.0 |
           Dis |   1382 |   1262 |    120 |      0 |    760 |   6 |  230.3 |
       Gehenna |   1412 |   1401 |     11 |      0 |    754 |   7 |  201.7 |
       Cocytus |    875 |    812 |     63 |      0 |    275 |   7 |  125.0 |
      Tartarus |   2832 |   2568 |    264 |    169 |    887 |   7 |  404.6 |
         Abyss |   2564 |   2564 |      0 |     59 |    913 |  12 |  213.7 |
   Pandemonium |   5809 |   5809 |      0 |    150 |   3216 |  17 |  341.7 |
      Ziggurat |   5711 |   5711 |      0 |    626 |   2160 |  27 |  211.5 |
      Gauntlet |    620 |    620 |      0 |     98 |    357 |   1 |  620.0 |
               +--------+--------+--------+--------+--------+-----+--------+

Top non-repeatable levels by time:
   Elf:2: 3964 daAuts
Spider:4: 3438 daAuts
   Elf:3: 3233 daAuts
    D:13: 3082 daAuts
  Lair:5: 3021 daAuts
  Lair:3: 2848 daAuts
   Orc:1: 2613 daAuts
Spider:2: 2523 daAuts
   Elf:1: 2442 daAuts
  Lair:4: 2174 daAuts
Spider:3: 2157 daAuts
    D:14: 2040 daAuts
Depths:2: 2038 daAuts
    D:12: 2028 daAuts
   Orc:2: 2021 daAuts
